 Dungeon Crawl Stone Soup version 0.28.0-53-g5a82cb258f (webtiles) character file.

Game seed: 13328087092995589254

12793773 Zappman123 the Petrodigitator (level 27, 291/291 HPs)
             Began as a Demonspawn Conjurer on May 12, 2022.
             Was the Champion of Sif Muna.
             Escaped with the Orb
             ... and 15 runes on June 27, 2022!
             The game lasted 09:01:59 (126746 turns).

Zappman123 the Petrodigitator (DsCj)              Turns: 126746, Time: 09:02:00

Health: 291/291    AC: 33    Str: 15    XL:     27
Magic:  49/49      EV: 20    Int: 34    God:    Sif Muna [******]
Gold:   17193      SH: 34    Dex: 15    Spells: 3/70 levels left

rFire   + + +      SeeInvis +   a - staff of earth
rCold   + + +      Faith    .   u - +10 tower shield of Ignorance {rN+ Int-4}
rNeg    + + +      Spirit   +   R - +2 scale mail "Holeif" {rC++ Will+++ Int-5}
rPois   ∞          Reflect  .   (helmet unavailable)
rElec   +          Harm     .   W - +1 cloak "Jivotsaxzo" {rCorr Int+4 Slay+4}
rCorr   +          Rampage  .   N - +1 pair of gloves "Ahaiso" {rF+ rN+ SInv}
Will    +++++                   x - +0 pair of boots "Neumepuec" {Contam rF+ Int+4 Dex+3}
Stlth   +.........              o - amulet of Vitality {Regen+ HP+15}
HPRegen 1.38/turn               U - ring "Novioro" {Wiz rN++ Int+3}
MPRegen 0.62/turn               h - ring "Did Kuci" {rF+ rN+ Str+7 Int+4 Dex-3}

@: lich-form, hasted, studying 5 skills, very quick
A: draining attack, torment immunity, no potions, horns 3, thin metallic scales
3, powered by death 3, robust 3, magic shield, magic regeneration, magic link,
fire resistance 1, mutation resistance 1, shaggy fur 1, weak 1, wild magic 1
0: Orb of Zot
}: 15/15 runes: decaying, serpentine, slimy, silver, golden, iron, obsidian,
icy, bone, abyssal, demonic, glowing, magical, fiery, dark
a: End Transformation, Renounce Religion, Channel Magic, Forget Spell, Divine
Exegesis


You escaped.
You worshipped Sif Muna.
Sif Muna was exalted by your worship.
You were an undead lich.
You visited 18 branches of the dungeon, and saw 88 of its levels.
You visited Pandemonium 2 times, and saw 20 of its levels.
You visited the Abyss 3 times.
You visited 2 ziggurats (completing 1), and saw 38 of their levels.
You also visited: Bailey, Gauntlet, Volcano and Wizlab.

You collected 25165 gold pieces.
You spent 7972 gold pieces at shops.

Inventory:

Hand Weapons
 b - the +0 staff of Battle
   (You found it on level 19 of a ziggurat)

   It enhances your conjuration magic.
   It summons a battlesphere in combat, with strength depending on Conjurations
   skill.
   Its strikes trigger the battlesphere's blasts.
 c - the +10 morningstar "Rodeit" {vamp, Will+ Dex+5 SInv}
   (You found it on level 5 of a ziggurat)

   It occasionally heals its wielder for a portion of the damage dealt when it
   wounds a living foe.
   Dex:       It affects your dexterity (+5).
   SInv:      It lets you see invisible.
   Will:      It increases your willpower.
 d - the +4 staff of Dispater
   (You took it off Dispater on level 7 of the Iron City of Dis)

   It can be evoked to hurl damnation at the cost of health and magic, with
   strength depending on Evocations skill.
Missiles
 I - 10 curare-tipped darts (quivered)
Armour
 u - the +10 tower shield of Ignorance (worn) {rN+ Int-4}
   (You acquired it on level 22 of a ziggurat)

   Int:       It affects your intelligence (-4).
   rN:        It protects you from negative energy.
 x - the +0 pair of boots "Neumepuec" (worn) {Contam rF+ Int+4 Dex+3}
   (You found it on level 8 of a ziggurat)

   Int:       It affects your intelligence (+4).
   Dex:       It affects your dexterity (+3).
   rF:        It protects you from fire.
   Contam:    It causes magical contamination when unequipped.
 N - the +1 pair of gloves "Ahaiso" (worn) {rF+ rN+ SInv}
   (You found it in a Gauntlet)

   rF:        It protects you from fire.
   rN:        It protects you from negative energy.
   SInv:      It lets you see invisible.
 R - the +2 scale mail "Holeif" (worn) {rC++ Will+++ Int-5}
   (You took it off a deep elf master archer on level 3 of the Elven Halls)

   Int:       It affects your intelligence (-5).
   rC:        It greatly protects you from cold.
   Will:      It greatly increases your willpower.
 S - a +5 kite shield of reflection
 W - the +1 cloak "Jivotsaxzo" (worn) {rCorr Int+4 Slay+4}
   (You found it on level 1 of the Crypt)

   Int:       It affects your intelligence (+4).
   Slay:      It affects your accuracy & damage with ranged weapons and melee
   (+4).
   rCorr:     It protects you from acid and corrosion.
Magical Staves
 a - a staff of earth (weapon)
Jewellery
 h - the ring "Did Kuci" (right hand) {rF+ rN+ Str+7 Int+4 Dex-3}
   (You found it on level 3 of the Crypt)

   [ring of positive energy]

   Str:       It affects your strength (+7).
   Int:       It affects your intelligence (+4).
   Dex:       It affects your dexterity (-3).
   rF:        It protects you from fire.
   rN:        It protects you from negative energy.
 o - the amulet of Vitality (around neck) {Regen+ HP+15}
   (You took it off Khufu on level 2 of the Crypt)

   [amulet of regeneration]

   HP:        It affects your health (+15).
   Regen:     It increases your rate of health regeneration.
 p - the amulet of the Four Winds {rN+ Will+++ Clar}
   (You found it on level 16 of a ziggurat)

   [amulet of nothing]

   rN:        It protects you from negative energy.
   Clar:      It protects you against confusion.
   Will:      It greatly increases your willpower.
 s - the ring of Nuasedaran {+Blink rPois rN+ Slay+2}
   (You found it on level 20 of a ziggurat)

   [ring of positive energy]

   Slay:      It affects your accuracy & damage with ranged weapons and melee
   (+2).
   rPois:     It protects you from poison.
   rN:        It protects you from negative energy.
   +Blink:    It lets you blink.
 U - the ring "Novioro" (left hand) {Wiz rN++ Int+3}
   (You found it in Pandemonium)

   [ring of wizardry]

   It improves your spell success rate.
   Int:       It affects your intelligence (+3).
   rN:        It greatly protects you from negative energy.
 X - the amulet of Oluc Tum {RegenMP MP+9}
   (You found it on level 15 of a ziggurat)

   [amulet of magic regeneration]

   It increases your rate of magic regeneration.
   MP:        It affects your magic capacity (+9).
Wands
 A - a wand of acid (17)
 E - a wand of paralysis (31)
 H - a wand of mindburst (51)
 K - a wand of iceblast (52)
 Q - a wand of digging (29)
 V - a wand of charming (30)
Scrolls
 e - 14 scrolls of magic mapping
 n - 12 scrolls of immolation
 t - 18 scrolls of fog
 w - 16 scrolls of fear
 B - 2 scrolls of summoning
 C - 54 scrolls of teleportation
 G - 9 scrolls of amnesia
 J - 16 scrolls of blinking
 O - 21 scrolls of vulnerability
 P - 2 scrolls of noise
 T - 14 scrolls of holy word
 Y - 4 scrolls of torment
Potions
 f - 48 potions of curing
 i - 5 potions of ambrosia
 l - 7 potions of cancellation
 r - 16 potions of magic
 y - 28 potions of mutation
 D - 5 potions of haste
 L - 12 potions of brilliance
 M - 4 potions of invisibility
 Z - 25 potions of heal wounds
Miscellaneous
 g - the horn of Geryon
 j - a lightning rod (4/4)
 k - a tin of tremorstones (2/2)
 m - a condenser vane
 q - a phantom mirror
 v - a box of beasts
 z - a phial of floods
 F - a +1 figurine of a ziggurat


   Skills:
 - Level 22.0 Fighting
 - Level 10.0 Maces & Flails
 + Level 22.9 Armour
 - Level 22.0 Dodging
 - Level 4.0 Stealth
 - Level 25.0 Shields
 - Level 22.0 Spellcasting
 - Level 21.0 Conjurations
 - Level 6.0 Hexes
 - Level 10.0 Summonings
 - Level 26.0 Necromancy
 - Level 10.0 Translocations
 - Level 18.0 Transmutations
 - Level 6.0 Air Magic
 O Level 27 Earth Magic
 - Level 26.0 Invocations
 - Level 16.0 Evocations


You had 3 spell levels left.
You knew the following spells:

 Your Spells              Type           Power      Damage    Failure   Level
a - Spellforged Servitor  Conj/Summ      55%        N/A       1%          7
c - Lehudib's Crystal Sp  Conj/Erth      78%        10d18     1%          8
d - Orb of Destruction    Conj           62%        9d15      1%          7
e - Borgnjor's Vile Clut  Necr/Erth      94%        N/A       1%          5
f - Necromutation         Tmut/Necr      76%        N/A       1%          8
h - Irradiate             Conj/Tmut      60%        3d33      1%          5
p - Passage of Golubria   Tloc           95%        N/A       1%          4
s - Swiftness             Air            80%        N/A       1%          3
z - Shatter               Erth           81%        3d59*     2%          9
C - Blink                 Tloc           100%       N/A       1%          2
D - Death's Door          Necr           80%        N/A       2%          9

Your spell library contained the following spells:

 Spells                   Type           Power      Damage    Failure   Level
 Animate Skeleton         Necr           100%       N/A       1%          1
 Apportation              Tloc           100%       N/A       1%          1
 Beastly Appendage        Tmut           100%       N/A       1%          1
 Foxfire                  Conj/Fire      100%       2x1d9     1%          1
 Freeze                   Ice            100%       1d11      1%          1
 Magic Dart               Conj           100%       1d8       1%          1
 Pain                     Necr           100%       1d9       1%          1
 Sandblast                Erth           100%       2d20      1%          1
 Shock                    Conj/Air       100%       1d9       1%          1
 Slow                     Hex            100%       N/A       1%          1
 Sting                    Tmut/Pois      100%       1d8       1%          1
 Summon Small Mammal      Summ           100%       N/A       1%          1
 Call Imp                 Summ           95%        N/A       1%          2
 Corpse Rot               Necr/Air       100%       N/A       1%          2
 Ensorcelled Hibernation  Hex/Ice        100%       N/A       1%          2
 Passwall                 Tmut/Erth      100%       N/A       1%          2
 Poisonous Vapours        Pois/Air       100%       N/A       1%          2
 Scorch                   Fire           96%        2d10      1%          2
 Searing Ray              Conj           100%       2d8       1%          2
 Static Discharge         Conj/Air       100%       N/A       1%          2
 Sublimation of Blood     Necr           100%       N/A       1%          2
 Wereblood                Tmut           100%       N/A       1%          2
 Call Canine Familiar     Summ           95%        N/A       1%          3
 Confusing Touch          Hex            80%        N/A       1%          3
 Conjure Flame            Conj/Fire      96%        6-21      1%          3
 Dazzling Flash           Conj/Hex       100%       N/A       1%          3
 Gell's Gravitas          Tloc           95%        N/A       1%          3
 Ignite Poison            Fire/Tmut/Pois 80%        N/A       1%          3
 Inner Flame              Hex/Fire       66%        N/A       1%          3
 Lesser Beckoning         Tloc           95%        N/A       1%          3
 Mephitic Cloud           Conj/Pois/Air  91%        N/A       1%          3
 Portal Projectile        Hex/Tloc       100%       N/A       1%          3
 Spider Form              Tmut/Pois      91%        N/A       1%          3
 Stone Arrow              Conj/Erth      100%       3d13      1%          3
 Summon Guardian Golem    Hex/Summ       87%        N/A       1%          3
 Teleport Other           Tloc           95%        N/A       1%          3
 Tukima's Dance           Hex            80%        N/A       1%          3
 Vampiric Draining        Necr           100%       2d13      1%          3
 Frozen Ramparts          Ice            96%        1d11      3%          3
 Ozocubu's Armour         Ice            48%        N/A       3%          3
 Airstrike                Air            40%        N/A       1%          4
 Anguish                  Hex/Necr       68%        N/A       1%          4
 Animate Armour           Summ/Erth      100%       N/A       1%          4
 Animate Dead             Necr           80%        N/A       1%          4
 Cause Fear               Hex            40%        N/A       1%          4
 Dispel Undead            Necr           100%       3d31      1%          4
 Flame Wave               Conj/Fire      96%        2d16      1%          4
 Fulminant Prism          Conj/Hex       53%        3d23      1%          4
 Hailstorm                Conj/Ice       96%        3d19      1%          4
 Ice Form                 Ice/Tmut       91%        N/A       1%          4
 Iskenderun's Mystic Bla  Conj/Tloc      100%       2d19      1%          4
 Leda's Liquefaction      Hex/Erth       69%        N/A       1%          4
 Petrify                  Tmut/Erth      100%       N/A       1%          4
 Sticky Flame             Conj/Fire      96%        2d11      1%          4
 Summon Ice Beast         Ice/Summ       75%        N/A       1%          4
 Summon Lightning Spire   Summ/Air       87%        N/A       1%          4
 Agony                    Necr           100%       N/A       1%          5
 Alistair's Intoxication  Tmut/Pois      60%        N/A       1%          5
 Blade Hands              Tmut           59%        N/A       1%          5
 Excruciating Wounds      Necr           80%        N/A       1%          5
 Fireball                 Conj/Fire      48%        3d19      1%          5
 Freezing Cloud           Conj/Ice/Air   45%        6-21      1%          5
 Iskenderun's Battlesphe  Conj           100%       2d15      1%          5
 Lee's Rapid Deconstruct  Erth           81%        3d37*     1%          5
 Lightning Bolt           Conj/Air       53%        1d74      1%          5
 Manifold Assault         Tloc           95%        N/A       1%          5
 Summon Forest            Summ/Tloc      47%        N/A       1%          5
 Summon Mana Viper        Hex/Summ       87%        N/A       1%          5
 Yara's Violent Unravell  Hex/Tmut       50%        3d19      1%          5
 Conjure Ball Lightning   Conj/Air       53%        3x3d18    1%          6
 Death Channel            Necr           80%        N/A       1%          6
 Iron Shot                Conj/Erth      78%        9d14      1%          6
 Simulacrum               Ice/Necr       64%        N/A       1%          6
 Statue Form              Tmut/Erth      100%       N/A       1%          6
 Dragon Form              Tmut           59%        N/A       1%          7
 Haunt                    Necr/Summ      71%        N/A       1%          7
 Borgnjor's Revivificati  Necr           80%        N/A       1%          8
 Infestation              Necr           80%        N/A       1%          8
 Silence                  Hex/Air        40%        N/A       2%          5
 Starburst                Conj/Fire      48%        6d13      2%          6
 Dispersal                Tloc           47%        N/A       3%          6
 Summon Cactus Giant      Summ           47%        N/A       3%          6
 Eringya's Noxious Bog    Tmut/Pois      45%        N/A       4%          6
 Storm Form               Tmut/Air       50%        N/A       7%          7
 Metabolic Englaciation   Hex/Ice        33%        N/A       9%          5
 Olgreb's Toxic Radiance  Pois           48%        N/A       11%         4
 Malign Gateway           Summ/Tloc      47%        N/A       14%         7
 Monstrous Menagerie      Summ           47%        N/A       14%         7
 Summon Hydra             Summ           47%        N/A       14%         7
 Enfeeble                 Hex            40%        N/A       52%         7
 Disjunction              Tloc           47%        N/A       65%         8
 Summon Horrible Things   Summ           47%        N/A       65%         8
 Chain Lightning          Conj/Air       53%        3d70      96%         9
 Ozocubu's Refrigeration  Ice            24%        4d9       99%         7
 Discord                  Hex            40%        N/A       99%         8
 Maxwell's Capacitive Co  Air            40%        ∞         99%         8
 Ignition                 Fire           24%        3d8       100%        8
 Dragon's Call            Summ           47%        N/A       100%        9
 Fire Storm               Conj/Fire      48%        8d12      100%        9
 Polar Vortex             Ice            24%        N/A       100%        9


Dungeon Overview and Level Annotations

Branches:
Dungeon (15/15)            Temple (1/1) D:6            Lair (6/6) D:9
  Swamp (4/4) Lair:2        Snake (4/4) Lair:3        Slime (5/5) Lair:5
    Orc (2/2) D:9             Elf (3/3) Orc:2        Vaults (5/5) D:14
  Crypt (3/3) Vaults:3       Tomb (3/3) Crypt:3      Depths (4/4) D:15
   Hell (visited)             Dis (7/7) Hell            Geh (7/7) Hell
    Coc (7/7) Hell            Tar (7/7) Hell            Zot (5/5) Depths:4
 Bailey (visited)         Volcano (visited)          WizLab (visited)
Gauntlet (visited)

Altars:
Ashenzari
Fedhas
Gozag
Kikubaaqudgha
Nemelex Xobeh
Okawaru
Ru
Sif Muna
Trog
Uskayaw
Vehumet
Yredelemnul
Zin
Beogh
Jiyva

Shops:
D:2 =   D:4 =![*!   D:10 (   Orc:1 **((   Orc:2 [[?:[   Snake:3 :   Vaults:3 *
Vaults:4 :::*   Depths:2 (!   Depths:3 *[(   Depths:4 *

Portals:
Hell: Depths:1 Depths:2 Depths:3 Depths:4
Abyss: Depths:2 Depths:3 Depths:4
Pandemonium: Depths:2

Annotations:
Swamp:2 1 transporter
Depths:3 exclusion: downstairs
Coc:7 exclusion: ice statue


Innate Abilities, Weirdness & Mutations

You are an undead lich.
Your unarmed attacks are suffused with negative energy.
You are immune to unholy pain and torment.
Your necromantic spells are more powerful.
You cannot drink.
You are immune to poison.
You have a pair of large horns on your head.
You are completely covered in thin metallic scales. (AC +4, rElec)
You regenerate a lot of health from kills.
You are extremely robust. (+30% HP)
When hurt, damage is shared between your health and your magic reserves.
You regenerate magic rapidly.
When low on magic, you restore magic in place of health.
Your flesh is heat resistant. (rF+)
You are somewhat resistant to further mutation.
You are covered in fur. (AC +1)
You are weak. (Str -2)
Your spells are a little harder to cast, but a little more powerful.


Message History

Things that are here:
a +0 robe; a +0 short sword
There is a stone staircase leading up, spattered with blood here.
You climb upwards.
There is a stone staircase leading down, spattered with blood here.
You see here a +0 hand axe.
There is a stone staircase leading up here.
You climb upwards.
There is a stone staircase leading down here.
There is a stone staircase leading up here.
You climb upwards.
There is a stone staircase leading down here.
There is a stone staircase leading up here.
You climb upwards.
There is a stone staircase leading down here.
Things that are here:
a +0 leather armour; a +0 club
There is a stone staircase leading up here.
You climb upwards.
There is a stone staircase leading down here.
There is a stone staircase leading up here.
You climb upwards.
There is a stone staircase leading down here.
There is a stone staircase leading up here.
You climb upwards.
There is a stone staircase leading down here.
You see here a +0 spear.
There is a stone staircase leading up here.
You climb upwards.
There is a stone staircase leading down here.
You feel yourself speed up.
Casting: Lehudib's Crystal Spear (mildly dangerous; 1% risk of failure)
Confirm with . or Enter, or press ? or * to list all spells.
Your body is suffused with negative energy!
Things that are here:
5 stones; a +0 club Magic restored.
There is an open door here.
There is a staircase leading out of the dungeon here.
You have escaped!

....#####...#............#.......
.....####........................
.............######..............
.....####....# ####.....####...
.....# #....# ###.......####....
.....# #....###...##..#..##.....
....## #........#........##.....
...## #....#########.##.##.)...
...######....###L###.....(##>....
...............#.#...............
...######.....##.###.....##......
...# #####.##.###.....##.#....
#### #.'..>##.....##......
########.....####.... #.....#
#.... #....)# #.... #.....# #....


There were no monsters in sight!

Vanquished Creatures
  Cerebov (Pan)
  Antaeus (Coc:7)
  Asmodeus (Geh:7)
  Ereshkigal (Tar:7)
  Gloorx Vloq (Pan)
  The ghost of Discosetron the Archmage, a legendary DjEE of Makhleb (Zig:21)
  Lom Lobon (Pan)
  The ghost of TinSoldier the Cryomancer, a legendary DsIE of Ashenzari (Zig:21)
  Mnoleg (Pan)
  the Serpent of Hell (Coc:7)
  9 dread liches
  Khufu (Crypt:2)
  Dispater (Dis:7)
  11 ancient liches
  Mennas (Pan)
  9 orbs of fire (Zot:5)
  The ghost of Xaowkis the Impregnable, a legendary GnWr of Cheibriados (Zig:21)
  4 juggernauts
  33 royal mummies
  Sojobo (Depths:2)
  A Head Instructor (WizLab)
  11 Killer Klowns
  The ghost of Dameikh the Hoplite, a veteran FoFi of Nemelex Xobeh (Zig:21)
  the Lernaean hydra (Swamp:4)
  Saint Roka (Vaults:4)
  13 shard shrikes
  The ghost of meatyocre the Brawler, a veteran TrFi of Uskayaw (Zig:21)
  37 caustic shrikes
  Geryon (Hell)
  The ghost of Anafel the Impregnable, a legendary GrFi of the Shining One (Zig:21)
  8 curse toes
  24 pandemonium lords
  4 profane servitors
  8 pearl dragons (Zig:19)
  22 golden dragons
  10 Tzitzimimeh
  19 Brimstone Fiends
  5 doom hounds
  14 bone dragons
  6 electric golems
  20 iron giants
  6 hellephants
  25 Ice Fiends
  8 tainted leviathans
  Rupert (D:14)
  22 tentacled monstrosities
  37 Hell Sentinels
  A spectral shard shrike (Tar:7)
  10 liches
  18 searing wretches
  The ghost of Zeph the Severer, an adept NaFi of Cheibriados (Zig:21)
  7 quicksilver dragons
  Asterion (Vaults:1)
  24 Orb Guardians (Zot:5)
  3 deep elf blademasters
  22 titans
  7 deep elf master archers
  A quicksilver dragon (shapeshifter) (Zig:22)
  8 death cobs
  2 eldritch tentacles
  6 tentacled starspawn
  60 acid blobs
  42 Executioners
  22 sphinxes
  23 ancient champions
  The ghost of Viocziel the Brawler, an adept TrMo of Nemelex Xobeh (Depths:4)
  13 shadow dragons
  2 storm dragons (shapeshifter)
  12 storm dragons
  8 tengu reavers
  8 daevas (Zig:19)
  2 thorn hunters
  34 azure jellies
  Donald (Vaults:4)
  9 nagarajas
  4 draconian monks
  9 draconian knights
  12 revenants
  15 fire giants
  A fenstrider witch (Zig:10)
  6 iron dragons
  17 rockslimes
  8 deep elf sorcerers
  12 demonspawn warmongers
  19 vault wardens
  52 balrugs
  Louise (Depths:4)
  13 quicksilver elementals
  14 frost giants
  2 orc warlords
  Aizul (D:14)
  13 ghost moths
  22 narguns
  6 draconian scorchers
  6 angels
  23 cacodemons
  4 draconian stormcallers
  5 ghouls
  9 curse skulls
  2 caustic shrike zombies
  12 shard shrike simulacra
  The ghost of zielscheibe the Thaumaturge, an adept VSFi of Gozag (Swamp:2)
  3 deep elf elementalists
  9 draconian annihilators
  13 draconian shifters
  8 ophanim
  2 spriggan defenders
  15 ironbound preservers
  9 ironbound thunderhulks
  31 war gargoyles
  10 demonspawn blood saints
  20 quicksilver oozes
  25 reapers
  19 stone giants
  A stone giant (shapeshifter) (Zig:22)
  5 apis (Zig:19)
  11 demonspawn corrupters
  39 very ugly things
  8 deep elf demonologists
  2 eleionomae (shapeshifter) (Zig:22)
  14 bennus
  A caustic shrike skeleton (Crypt:3)
  10 vampire knights
  9 black draconians
  12 green draconians
  2 entropy weavers
  25 demonspawn black suns
  23 elemental wellsprings
  5 eleionomae
  14 red draconians
  16 deep elf annihilators
  13 white draconians
  A dire elephant (shapeshifter) (Zig:22)
  A minotaur (Gauntlet)
  4 spark wasps (Depths:4)
  5 putrid mouths
  16 purple draconians
  17 lorocyprocas
  13 wendigos
  30 dire elephants
  4 bunyips
  11 deep elf death magi
  10 eidola
  27 yellow draconians
  A merfolk impaler (Zig:10)
  24 iron golems
  24 blizzard demons
  15 jiangshi
  3 crystal guardians
  10 fire dragons
  5 merfolk javelineers (Zig:20)
  26 green deaths
  29 mummy priests
  13 ettins
  5 spriggan zombies
  19 yaktaur captains
  4 deep elf high priests
  8 shambling mangroves
  Harold (D:9)
  7 hell beasts
  17 great orbs of eyes
  A spectral fenstrider witch (Tar:2)
  16 naga warriors
  Fannar (Lair:2)
  13 caustic shrike simulacra
  33 vault guards
  62 hydras
  11 rakshasas
  5 boulder beetles
  11 ghost crabs
  A merfolk avatar (Zig:10)
  15 salamander tyrants
  4 ogre magi
  2 peacekeepers
  9 spriggan air magi
  Erolcha (D:9)
  7 ironbound frosthearts
  7 stokers
  8 juggernaut simulacra
  4 catoblepae (Zig:26)
  7 ice dragons
  A jorogumo (shapeshifter) (Zig:17)
  17 centaur warriors
  5 merfolk aquamancers
  4 two-headed ogres
  45 dancing weapons
  7 anacondas
  17 alligators
  4 deep troll shamans
  Erica (D:11)
  5 death yaks
  5 tengu warriors
  35 hell hogs
  7 deep troll earth magi
  9 satyrs
  11 shock serpents
  4 death knights
  66 death scarabs
  2 orc high priests
  14 thrashing horrors
  13 vampire magi
  Urug (D:11)
  10 spriggan berserkers
  18 naga sharpshooters
  57 soul eaters
  23 hell knights
  A titan zombie (Vaults:5)
  18 deep elf knights
  13 wretched stars
  119 sun demons
  8 crystal echidnas
  3 iron trolls (shapeshifter)
  A titan skeleton (Pan)
  6 iron trolls
  A storm dragon skeleton (Crypt:2)
  27 skeletal warriors
  A sea snake (shapeshifter) (Zig:22)
  An anaconda zombie (Hell)
  A quicksilver dragon simulacrum (Tomb:3)
  21 shadow wraiths
  8 salamander mystics
  24 sixfirhies
  A golden dragon zombie (D:15)
  A fire crab (shapeshifter) (Abyss:5)
  A death drake (shapeshifter) (Zig:22)
  8 flayed ghosts
  A glowing orange brain (shapeshifter) (Zig:14)
  11 goliath frogs
  2 spatial maelstroms
  A steelbarb worm (shapeshifter) (Pan)
  2 orb spiders (shapeshifter)
  33 deep trolls
  8 spriggan druids
  18 death drakes
  22 shadow demons
  6 cherubim
  22 deep elf archers
  2 naga ritualists
  3 orange crystal statues (Zig:5)
  A spectral spriggan (Swamp:2)
  9 glowing orange brains
  28 swamp dragons
  5 obsidian statues
  A deep troll (shapeshifter) (Zig:14)
  A lindwurm (shapeshifter) (Zig:12)
  9 spriggan simulacra
  A spectral hydra (Tar:1)
  29 deep elf zephyrmancers
  9 bog bodies
  15 lindwurms
  7 necromancers
  30 ironbound convokers
  29 wizards
  10 mana vipers
  4 anaconda skeletons
  An iron dragon zombie (D:15)
  A mana viper (shapeshifter) (Zig:22)
  3 manticores
  7 harpies
  A sphinx zombie (Zig:23)
  21 orc knights
  2 harpies (shapeshifter)
  2 wolf spiders (shapeshifter) (Zig:17)
  44 deep elf pyromancers
  2 oklob plants (Zot:4)
  26 phantasmal warriors
  2 fauns (shapeshifter)
  17 shining eyes
  A cyclops (shapeshifter) (Zig:17)
  A tengu skeleton (Vaults:4)
  7 will-o-the-wisps
  47 ugly things
  A shadow dragon skeleton (Pan)
  A wolf spider (Zig:14)
  A fire giant zombie (D:15)
  9 orc sorcerers
  A frost giant zombie (Crypt:2)
  11 fauns
  2 worldbinders
  A salamander (shapeshifter) (Zig:12)
  19 salamanders
  A manticore (shapeshifter) (Depths:3)
  29 moths of wrath
  30 elephants
  6 cyclopes
  An elephant (shapeshifter) (Zig:22)
  A stone giant skeleton (Crypt:3)
  A black mamba (shapeshifter) (Elf:2)
  A toenail golem (Zot:1)
  18 ice statues
  5 merfolk sirens (Zig:10)
  2 frost giant skeletons
  44 black mambas
  A water nymph (shapeshifter) (Zig:17)
  9 rust devils
  A shock serpent zombie (Crypt:1)
  5 guardian serpents
  8 eyes of devastation
  4 molten gargoyles (Hell)
  12 gargoyles
  14 apocalypse crabs
  A water nymph (Zig:10)
  6 torpor snails
  18 vault sentinels
  6 titan simulacra
  56 smoke demons
  18 naga magi
  33 orange demons
  40 cane toads
  An unseen horror (shapeshifter) (Depths:1)
  A cane toad (shapeshifter) (Zig:22)
  36 yaktaurs
  A yaktaur (shapeshifter) (Zig:22)
  Maggie (D:8)
  2 unseen horrors
  A bunyip simulacrum (Coc:2)
  18 efreet
  5 rime drakes (Zig:26)
  18 komodo dragons
  2 kobold demonologists
  34 tormentors
  25 hellions
  A white draconian zombie (Crypt:2)
  16 demonic crawlers
  4 alligator snapping turtle skeletons
  An orb spider zombie (Crypt:1)
  A tengu conjurer (WizLab)
  19 freezing wraiths
  13 ancient zymes
  2 iron giant simulacra (Coc:7)
  25 hellwings
  7 anaconda simulacra
  18 red devils
  2 harpy zombies
  50 guardian mummies
  14 ice devils
  A troll (shapeshifter) (Vaults:5)
  3 polar bears
  12 trolls
  2 sea snake skeletons (Hell)
  12 harpy skeletons
  17 tyrant leeches
  A tengu simulacrum (Vaults:4)
  6 merfolk (Zig:10)
  A merfolk (shapeshifter) (Zig:17)
  A hydra skeleton (Hell)
  A polar bear (shapeshifter) (D:14)
  12 raiju
  A wind drake (Zig:10)
  30 hornets
  40 blink frogs
  2 alligator zombies (Hell)
  153 slime creatures
  A meliai zombie (D:11)
  An iron dragon simulacrum (Coc:3)
  3 dream sheep (shapeshifter)
  5 dream sheep
  3 snapping turtles (shapeshifter)
  A boulder beetle zombie (Crypt:2)
  2 ettin skeletons
  45 flying skulls
  4 centaur simulacra
  2 jumping spiders (Zig:2)
  2 stone giant simulacra (Coc:2)
  A black mamba zombie (Crypt:3)
  50 ynoxinuls
  An air elemental (Elf:1)
  6 dire elephant simulacra
  2 elf skeletons
  15 ushabtiu
  4 vampires (Crypt:3)
  18 spriggans
  An alligator skeleton (Volcano)
  Eustachio (D:6)
  A fire elemental (Abyss:5)
  48 yaks
  4 wyverns
  5 shadows (Crypt:3)
  3 naga simulacra
  9 basilisks
  9 wraiths
  21 water elementals
  11 golden eyes
  2 golden eyes (shapeshifter)
  3 nameless horrors
  16 small abominations
  6 redbacks
  14 vampire mosquitoes
  58 neqoxecs
  A sea snake simulacrum (Hell)
  A yaktaur simulacrum (Vaults:4)
  A redback (shapeshifter) (Zig:12)
  34 chaos spawn
  5 human zombies
  18 swamp worms
  A spatial vortex (Abyss:5)
  15 harpy simulacra
  A swamp worm (shapeshifter) (D:14)
  2 wargs
  An acid dragon (D:6)
  A naga zombie (Crypt:3)
  52 nagas
  33 water moccasins
  A deep troll skeleton (Pan)
  3 floating eyes
  9 hell hounds
  2 floating eyes (shapeshifter)
  4 hydra simulacra
  A human simulacrum (Vaults:5)
  37 orc warriors
  A hornet zombie (Crypt:2)
  8 swamp drakes
  2 black bears
  4 ettin simulacra
  A sky beast (D:6)
  A black bear (shapeshifter) (Zig:2)
  8 ogres
  61 starcursed masses
  3 necrophages
  91 large abominations
  20 wolves
  A tengu (shapeshifter) (Zig:22)
  8 boggarts
  2 phantoms
  14 centaurs
  A rime drake zombie (Crypt:2)
  A lindwurm skeleton (Crypt:1)
  3 kobold brigands (D:14)
  18 bullfrogs
  A gnoll sergeant (D:6)
  2 human skeletons
  4 scorpions
  A draconian skeleton (Crypt:2)
  A water moccasin zombie (Crypt:2)
  6 earth elementals
  2 wyvern skeletons
  6 killer bees (D:8)
  3 spriggan skeletons
  8 wights
  7 howler monkeys
  3 troll skeletons (Volcano)
  2 quasits
  2 bullfrog zombies
  4 hounds
  8 crimson imps (Pan)
  23 orc priests
  3 centaur skeletons
  20 jellies
  5 iron imps
  A gnoll shaman (D:6)
  Ijyb (D:5)
  3 iguanas
  30 orc wizards
  10 hell rats
  A killer bee zombie (D:5)
  A deep dwarf zombie (Crypt:2)
  4 naga skeletons
  A deep dwarf skeleton (Crypt:1)
  A demigod skeleton (Crypt:1)
  2 hound skeletons
  47 mummies
  A howler monkey skeleton (D:4)
  4 howler monkey zombies
  14 gnolls
  7 adders
  2 shadow imps
  A worm zombie (Crypt:1)
  An adder skeleton (Crypt:1)
  2 worms
  A dart slug (D:2)
  67 orcs
  5 endoplasms
  2 giant cockroaches
  23 hobgoblins
  4 kobolds
  3 quokkas
  8 ball pythons
  6 bats
  5 frilled lizards
  28 goblins
  A jackal skeleton (Crypt:1)
  3 rats
  10 briar patches (Swamp:4)
  A creeping inferno (Geh:5)
  14 fire vortices
  A fulminant prism (D:14)
  4 starspawn tentacles
5426 creatures vanquished.

Vanquished Creatures (collateral kills)
  the Royal Jelly (Slime:5)
  A royal mummy (Tomb:1)
  A juggernaut (Dis:7)
  3 caustic shrikes
  A Tzitzimitl (Tar:7)
  2 iron giants (Dis:7)
  2 Hell Sentinels (Dis:5)
  An Orb Guardian (Zot:5)
  2 Executioners
  3 ancient champions (Dis:7)
  An azure jelly (Coc:7)
  A frost giant (shapeshifter) (Zig:22)
  A very ugly thing (Zig:22)
  3 war gargoyles
  A wendigo (Coc:7)
  A yellow draconian (Zot:5)
  An iron golem (Dis:7)
  4 dancing weapons (Dis:7)
  A crystal echidna (Dis:6)
  3 guardian mummies
  2 large abominations
  An ushabti (Tomb:2)
  A neqoxec (Pan)
  A water moccasin (D:6)
  A wight (D:9)
  A howler monkey (D:6)
  A killer bee zombie (D:6)
42 creatures vanquished.

Vanquished Creatures (others)
  The ghost of NiggerDarts the Pyromancer, a legendary HuFi (Zig:21)
  The ghost of mandor the Hoplite, a legendary DjCj of Makhleb (Zig:21)
  The ghost of Mefist the Sorcerer, a legendary DEIE of Sif Muna (Zig:21)
  The ghost of Gucom the Gnoll Aeon, a veteran GnFi of Cheibriados (Zig:21)
  The ghost of astronautguy the Lord of Darkness, a master DEFE of Kikubaaqudgha (Zig:21)
  The ghost of EricTams the Hoplite, a veteran MiBe of Trog (Zig:21)
  A pandemonium lord (Zig:12)
  A Tzitzimitl (Pan)
  The ghost of Xutext the Spry, an adept DsAK of Lugonu (Zig:21)
  A titan (Pan)
  A shadow dragon (Zig:21)
  3 fire giants (Geh:7)
  A deep elf elementalist (Elf:3)
  An elemental wellspring (Coc:5)
  A black draconian (Zot:4)
  A deep elf annihilator (Elf:3)
  2 lorocyprocas (Pan)
  2 blizzard demons (Pan)
  2 green deaths (Pan)
  2 eidola (Zig:21)
  A boulder beetle (Zig:8)
  A caustic shrike simulacrum (Coc:2)
  A naga warrior (Snake:1)
  A juggernaut simulacrum (Coc:7)
  2 sun demons (Pan)
  A salamander mystic (Snake:2)
  2 deep elf knights (Elf:3)
  3 soul eaters
  A sixfirhy (Pan)
  A shadow demon (Pan)
  A spriggan simulacrum (Coc:7)
  A wizard (Vaults:1)
  A naga ritualist (Snake:1)
  A deep elf zephyrmancer (Elf:3)
  2 deep elf pyromancers
  A lindwurm (shapeshifter) (Zig:22)
  A manticore (D:14)
  A large abomination (Pan)
  A titan simulacrum (Coc:3)
  A hellwing (Pan)
  2 red devils (Pan)
  2 bloated husks
  A raiju (Abyss:5)
  A hornet (Swamp:4)
  A stone giant simulacrum (Coc:2)
  A naga simulacrum (Coc:3)
  A flying skull (Crypt:1)
  A dire elephant simulacrum (Coc:3)
  An alligator skeleton (Volcano)
  A human (Crypt:1)
  A golden eye (Abyss:5)
  2 vampire mosquitoes (Swamp:2)
  A naga (Snake:4)
  4 jellies (Zot:4)
  An orc (Orc:1)
  6 ball lightnings
  2 blocks of ice
  2 briar patches (Swamp:4)
  A bush (D:9)
  A creeping inferno (Geh:6)
  6 demonic plants
  19 fire vortices
  28 foxfires
  692 fulminant prisms
  82 fungi
  2 lurking horrors (Abyss:5)
  189 plants
  10 starspawn tentacles
  19 withered plants
1131 creatures vanquished.

Grand Total: 6599 creatures vanquished

Notes
Turn   | Place    | Note
-------+----------+-------------------------------------------
     0 | D:1      | Zappman123 the Demonspawn Conjurer began the quest for the
                  | Orb.
     0 | D:1      | Reached XP level 1. HP: 13/13 MP: 3/3
   462 | D:1      | Gained mutation: You regenerate a little health from kills.
                  | [demonic ancestry]
   462 | D:1      | Reached XP level 2. HP: 19/19 MP: 1/5
   510 | D:1      | Learned a level 2 spell: Searing Ray
   762 | D:1      | HP: 1/19 [hobgoblin (4)]
  1301 | D:1      | Reached XP level 3. HP: 24/24 MP: 4/7
  1655 | D:2      | Found Tuomuqim's Jewellery Shoppe.
  2174 | D:2      | Gained mutation: You have a pair of small horns on your
                  | head. [demonic ancestry]
  2174 | D:2      | Reached XP level 4. HP: 30/30 MP: 3/8
  2288 | D:2      | Reached skill level 5 in Conjurations
  2439 | D:2      | Found a faded altar of an unknown god.
  2847 | D:3      | Reached XP level 5. HP: 35/35 MP: 4/10
  3510 | D:4      | Noticed an ogre
  3654 | D:4      | Learned a level 3 spell: Vampiric Draining
  3724 | D:4      | Found Ohabb's Distillery.
  3733 | D:4      | Bought a potion of curing for 42 gold pieces
  3869 | D:4      | Gained mutation: You are partially covered in thin metallic
                  | scales. (AC +2) [demonic ancestry]
  3869 | D:4      | Reached XP level 6. HP: 39/42 MP: 6/12
  3920 | D:4      | Found Jedwi's Distillery.
  3971 | D:4      | Reached skill level 1 in Fighting
  4131 | D:4      | Found Bemussumm's Jewellery Emporium.
  4224 | D:4      | Found Wauntieq's Armour Shoppe.
  4450 | D:4      | Bought a +0 pair of boots for 58 gold pieces
  4788 | D:4      | Found Hysmosid's Assorted Antiques.
  4859 | D:5      | Entered Level 5 of the Dungeon
  5352 | D:5      | Reached XP level 7. HP: 46/52 MP: 4/13
  5625 | D:5      | Identified the +1 robe of Soikonneck {Rampage Regen+
                  | Slay+2}
  5789 | D:5      | Reached skill level 5 in Dodging
  6169 | D:5      | Noticed Ijyb
  6181 | D:5      | Killed Ijyb
  6182 | D:5      | Reached XP level 8. HP: 60/60 MP: 6/14
  6300 | D:6      | Noticed a manticore
  6504 | D:6      | Learned a level 4 spell: Fulminant Prism
  6504 | D:6      | Identified 3 scrolls of acquirement
  6504 | D:6      | Acquired a +0 eveningstar of freezing
  6694 | D:6      | Reached skill level 1 in Maces & Flails
  6954 | D:6      | Reached skill level 5 in Fighting
  6982 | D:6      | Gained mutation: You regenerate health from kills. [demonic
                  | ancestry]
  6982 | D:6      | Reached XP level 9. HP: 68/68 MP: 7/15
  7087 | D:6      | Killed a manticore
  7446 | D:6      | Found a staircase to the Ecumenical Temple.
  7453 | Temple   | Entered the Ecumenical Temple
  7468 | Temple   | Became a worshipper of Sif Muna the Loreminder
  7606 | D:6      | Reached skill level 1 in Hexes
  7826 | D:6      | Noticed Eustachio
  7843 | D:6      | Killed Eustachio
  8195 | D:4      | Bought a potion of heal wounds for 70 gold pieces
  9686 | D:8      | Noticed Maggie
  9696 | D:8      | Killed Maggie
  9821 | D:8      | Reached skill level 5 in Spellcasting
  9821 | D:8      | Reached XP level 10. HP: 76/76 MP: 9/17
  9977 | D:8      | Reached * piety under Sif Muna
 10363 | D:8      | Reached skill level 5 in Hexes
 10478 | D:9      | Noticed Erolcha
 10480 | D:9      | Reached skill level 1 in Invocations
 10625 | D:9      | HP: 7/73 [something (30)]
 10725 | D:9      | Killed Erolcha
 11023 | D:9      | Reached ** piety under Sif Muna
 11024 | D:9      | Reached skill level 5 in Invocations
 11045 | D:9      | Noticed Harold
 11310 | D:9      | Killed Harold
 11311 | D:9      | Noticed a two-headed ogre
 11522 | D:8      | Gained mutation: You regenerate magic rapidly. [demonic
                  | ancestry]
 11522 | D:8      | Reached XP level 11. HP: 75/78 MP: 12/20
 11586 | D:9      | Found a staircase to the Lair.
 11985 | D:9      | Killed a two-headed ogre
 12046 | D:9      | Found the +8 demon blade "Leech" {vamp, Harm Drain rN+}
 12159 | D:9      | Found a staircase to the Orcish Mines.
 12281 | D:9      | Noticed a centaur warrior
 12286 | D:9      | Noticed a death knight
 12300 | D:10     | Entered Level 10 of the Dungeon
 12326 | D:9      | Killed a centaur warrior
 12386 | D:10     | Found Jiwn's Antique Weapon Shoppe.
 12386 | D:10     | Noticed a two-headed ogre
 12397 | D:10     | Killed a two-headed ogre
 12485 | D:10     | Found a flagged portal.
 12490 | Bailey   | Entered a bailey
 12622 | Bailey   | Reached *** piety under Sif Muna
 12659 | Bailey   | Reached skill level 10 in Conjurations
 12702 | Bailey   | Noticed an orc knight
 12706 | Bailey   | Noticed an orc knight
 12755 | Bailey   | Killed an orc knight
 12757 | Bailey   | Killed an orc knight
 12942 | Bailey   | Noticed an orc warlord
 12965 | Bailey   | Killed an orc warlord
 13480 | D:10     | Reached skill level 1 in Shields
 13742 | D:10     | Noticed a two-headed ogre
 13756 | D:10     | Killed a two-headed ogre
 14067 | D:10     | Learned a level 4 spell: Iskenderun's Mystic Blast
 14076 | D:11     | Noticed Erica
 14086 | D:11     | Killed Erica
 14087 | D:11     | Gained mutation: You are mostly covered in thin metallic
                  | scales. (AC +3) [demonic ancestry]
 14087 | D:11     | Reached XP level 12. HP: 83/88 MP: 10/24
 14211 | D:11     | Noticed a six-headed hydra
 14214 | D:11     | Noticed Urug
 14240 | D:11     | Killed Urug
 14241 | D:11     | Reached skill level 1 in Translocations
 14241 | D:11     | Killed a six-headed hydra
 15048 | Lair:1   | Entered Level 1 of the Lair of Beasts
 15226 | Lair:1   | Reached **** piety under Sif Muna
 15488 | Lair:1   | Noticed a six-headed hydra
 15499 | Lair:1   | Killed a six-headed hydra
 15500 | Lair:1   | Reached skill level 5 in Shields
 16071 | Lair:1   | Identified the +5 ring mail of Dithmenos's Supremacy
                  | {Regen+ Int+4 Stlth+}
 16288 | Lair:2   | Reached skill level 1 in Armour
 16569 | Lair:2   | Noticed Fannar
 16603 | Lair:2   | Killed Fannar
 16923 | Lair:2   | Noticed a four-headed hydra
 16933 | Lair:2   | Killed a four-headed hydra
 16934 | Lair:2   | Reached XP level 13. HP: 95/95 MP: 13/25
 17303 | Lair:2   | You fall into a shaft and drop 2 floors!
 17303 | Lair:4   | Found a gate leading to a gauntlet.
 17362 | Lair:4   | Reached ***** piety under Sif Muna
 17383 | Gauntlet | Entered a Gauntlet
 17383 | Gauntlet | Found a transporter.
 17383 | Gauntlet | Found a transporter.
 17383 | Gauntlet | Found a transporter.
 17394 | Gauntlet | Found a transporter.
 17396 | Gauntlet | Found a transporter.
 17404 | Gauntlet | Found a transporter.
 17407 | Gauntlet | Found a transporter.
 17415 | Gauntlet | Found a transporter.
 17433 | Gauntlet | Found a transporter.
 17453 | Gauntlet | Found a transporter.
 17454 | Gauntlet | Found a transporter.
 17463 | Gauntlet | Found a transporter.
 17667 | Gauntlet | Got the Incunabulum of Moulding
 17801 | Gauntlet | Reached skill level 5 in Armour
 17855 | Gauntlet | Identified the +1 pair of gloves "Ahaiso" {rF+ rN+ SInv}
 17889 | Gauntlet | Identified the +11 mace of Deformation {elec, rElec Str+3
                  | Dex+2}
 17889 | Gauntlet | Identified the +7 chain mail of Damejuak {rPois Regen+
                  | Dex+4}
 17889 | Gauntlet | Noticed a minotaur
 17958 | Gauntlet | Identified the +4 great mace of the Fifty Wars {vorpal, rC+
                  | rCorr Str+4 Int+2}
 18058 | Gauntlet | Killed a minotaur
 18354 | Lair:2   | Found a staircase to the Swamp.
 18787 | Lair:3   | Found a staircase to the Snake Pit.
 18826 | Lair:3   | Received a gift from Sif Muna
 18856 | Lair:3   | Got Sif Muna's Reference Book on the Excruciating Birds
                  | {god gift}
 18879 | Lair:3   | Learned a level 3 spell: Swiftness
 19734 | Lair:4   | Reached skill level 1 in Air Magic
 19949 | Lair:4   | Reached skill level 5 in Maces & Flails
 20264 | Lair:4   | Reached XP level 14. HP: 105/105 MP: 6/26
 21107 | D:2      | Bought the ring of Attitude {rPois rC+ Will+ Str+7} for 752
                  | gold pieces
 21168 | D:4      | Bought a potion of brilliance for 48 gold pieces
 21168 | D:4      | Bought a potion of flight for 36 gold pieces
 21316 | Snake:1  | Entered Level 1 of the Snake Pit
 21725 | Lair:5   | Received a gift from Sif Muna
 21732 | Lair:5   | Got Sif Muna's Primer on Witchcraft {god gift}
 21761 | Lair:5   | Learned a level 2 spell: Blink
 22194 | Lair:5   | Found a staircase to the Slime Pits.
 22496 | Lair:6   | Entered Level 6 of the Lair of Beasts
 22656 | Lair:6   | Reached skill level 10 in Dodging
 23539 | Lair:6   | Reached skill level 10 in Armour
 23623 | Lair:6   | Identified the ring of Symmetry {rPois rN+}
 24162 | D:4      | Bought a potion of berserk rage for 70 gold pieces
 24291 | Orc:1    | Entered Level 1 of the Orcish Mines
 24291 | Orc:1    | Found Uweofaw's Weapon Boutique.
 24311 | Orc:2    | Entered Level 2 of the Orcish Mines
 24392 | Orc:2    | Received a gift from Sif Muna
 24395 | Orc:2    | Got Sif Muna's Incunabulum of Attacks {god gift}
 24457 | Orc:2    | Found Hastraul's Armour Shoppe.
 24499 | Orc:1    | Found a dark tunnel.
 24507 | Orc:1    | Found Rioxoh's General Store.
 24559 | Volcano  | Entered a volcano
 24718 | Volcano  | Gained mutation: You are completely covered in thin
                  | metallic scales. (AC +4, rElec) [demonic ancestry]
 24718 | Volcano  | Reached XP level 15. HP: 110/110 MP: 19/27
 25256 | Orc:1    | Found Wocuete's Antique Weapon Shoppe.
 25279 | Orc:1    | Found Surug's General Store.
 25296 | Orc:1    | Bought a potion of resistance for 160 gold pieces
 25296 | Orc:1    | Bought a potion of haste for 160 gold pieces
 25296 | Orc:1    | Bought a potion of heal wounds for 80 gold pieces
 25296 | Orc:1    | Bought a scroll of teleportation for 48 gold pieces
 25936 | Orc:2    | Found a staircase to the Elven Halls.
 25973 | Orc:2    | Found Barukk's Book Shoppe.
 25973 | Orc:2    | Found Daqyod's Antique Armour Shoppe.
 25974 | Orc:2    | Found Uteumir's Magic Scroll Emporium.
 25978 | Orc:2    | Found Deyzxio's Armour Emporium.
 26286 | Orc:2    | Learned a level 7 spell: Orb of Destruction
 26435 | Orc:1    | Paralysed by a floating eye for 2 turns
 27485 | D:13     | Received a gift from Sif Muna
 27493 | D:13     | Got Sif Muna's Compendium of Shape Shifting and Combat
                  | Magic {god gift}
 27879 | D:13     | Reached skill level 10 in Shields
 28372 | D:14     | Noticed Rupert
 28648 | D:14     | Noticed a storm dragon
 28677 | D:14     | Killed a storm dragon
 29332 | D:14     | Killed Rupert
 29418 | D:14     | Found a gate to the Vaults.
 30160 | Snake:1  | Received a gift from Sif Muna
 30161 | Snake:1  | Reached XP level 16. HP: 110/122 MP: 5/29
 30168 | Snake:1  | Reached skill level 10 in Fighting
 30337 | Snake:1  | Got Sif Muna's Tome of the Compass and the Escort {god
                  | gift}
 30368 | Snake:1  | Reached skill level 10 in Spellcasting
 31846 | Snake:2  | Found an iron altar of Okawaru.
 32980 | Snake:3  | Found Leonk's Self-Improvement Boutique.
 33447 | Snake:3  | Received a gift from Sif Muna
 33455 | Snake:3  | Got Sif Muna's Volume of Shape Shifting and the Compass
                  | {god gift}
 33937 | Snake:3  | Found Righetwi's Book Boutique.
 34060 | Snake:4  | Entered Level 4 of the Snake Pit
 34197 | Swamp:1  | Entered Level 1 of the Swamp
 34552 | Swamp:1  | Reached XP level 17. HP: 100/128 MP: 11/32
 34555 | Swamp:1  | Reached skill level 1 in Transmutations
 35158 | Swamp:2  | Found a transporter.
 35158 | Swamp:2  | Noticed zielscheibe's ghost (adept VSFi)
 35465 | Swamp:2  | Found a transporter.
 35740 | Swamp:3  | Reached skill level 5 in Translocations
 35740 | Swamp:3  | Reached skill level 5 in Air Magic
 35897 | Swamp:3  | Received a gift from Sif Muna
 36027 | Swamp:3  | Learned a level 5 spell: Irradiate
 36032 | Swamp:3  | Learned a level 4 spell: Passage of Golubria
 36183 | Swamp:3  | Learned a level 5 spell: Iskenderun's Battlesphere
 36218 | Swamp:4  | Entered Level 4 of the Swamp
 37269 | Swamp:4  | Noticed the 27-headed Lernaean hydra
 37286 | Swamp:4  | Killed the 27-headed Lernaean hydra
 37650 | Swamp:4  | Got a decaying rune of Zot
 38123 | Vaults:1 | Entered Level 1 of the Vaults
 38263 | Vaults:1 | Received a gift from Sif Muna
 38415 | Vaults:1 | Reached skill level 5 in Transmutations
 38463 | Vaults:1 | Noticed Aizul
 38533 | D:15     | Entered Level 15 of the Dungeon
 38743 | D:15     | Found a staircase to the Depths.
 39307 | D:15     | Identified the ring "Hatiwki" {rF+ rC+ EV+4}
 39529 | D:14     | Killed Aizul
 39530 | D:14     | Reached XP level 18. HP: 103/134 MP: 23/34
 39908 | Vaults:1 | Noticed Asterion
 39925 | Vaults:1 | Killed Asterion
 41074 | Vaults:1 | Received a gift from Sif Muna
 41284 | Vaults:1 | Got Sif Muna's Disquisition on the Arsonist and Bewitchment
                  | {god gift}
 41301 | Vaults:1 | Identified the +11 arbalest of Chaos {freeze, SInv}
 41381 | Vaults:2 | You fall into a shaft and drop 2 floors!
 41389 | Vaults:5 | Entered Level 5 of the Vaults
 41389 | Vaults:5 | Noticed a golden dragon
 41688 | Vaults:4 | Reached skill level 10 in Invocations
 41709 | Vaults:4 | Found Poffauca's Weapon Emporium.
 41801 | Vaults:4 | Found Vuhel's Assorted Antiques.
 41809 | Vaults:4 | Bought a wand of paralysis (5) for 82 gold pieces
 41809 | Vaults:4 | Bought a distressingly furry cloak for 389 gold pieces
 41809 | Vaults:4 | Identified the +2 cloak of Tartarus {Int+4 Dex+5} (You
                  | bought it in a shop on level 4 of the Vaults)
 41809 | Vaults:4 | Bought a potion of heal wounds for 205 gold pieces
 41919 | Vaults:4 | Found Disyuvy's Book Shoppe.
 42058 | Vaults:4 | Noticed an ancient lich
 42069 | Vaults:4 | Killed an ancient lich
 42578 | Vaults:3 | Received a gift from Sif Muna
 42579 | Vaults:3 | Gained mutation: You have a pair of horns on your head.
                  | [demonic ancestry]
 42579 | Vaults:3 | Reached XP level 19. HP: 140/140 MP: 26/36
 42665 | Vaults:3 | Reached skill level 15 in Conjurations
 42677 | Vaults:3 | Got Sif Muna's Disquisition on Cankerous Moulding {god
                  | gift}
 43439 | Vaults:3 | Found a staircase to the Crypt.
 43439 | Vaults:3 | Found a basalt altar of Yredelemnul.
 43439 | Vaults:3 | Found an ancient bone altar of Kikubaaqudgha.
 43460 | Vaults:3 | Found Cynefeoc's General Store.
 43480 | Vaults:3 | Bought a potion of experience for 950 gold pieces
 43480 | Vaults:3 | Gained mutation: You have a pair of large horns on your
                  | head. [demonic ancestry]
 43480 | Vaults:3 | Reached XP level 20. HP: 147/147 MP: 38/38
 43481 | Vaults:3 | Bought a potion of curing for 57 gold pieces
 43481 | Vaults:3 | Bought a scroll of torment for 142 gold pieces
 43481 | Vaults:3 | Bought a potion of mutation for 152 gold pieces
 44033 | Vaults:2 | Received a gift from Sif Muna
 44258 | Vaults:2 | Got Sif Muna's Incunabulum of Quantum Attacks {god gift}
 45527 | Vaults:3 | Learned a level 5 spell: Yara's Violent Unravelling
 45535 | Vaults:3 | Learned a level 6 spell: Iron Shot
 45663 | Vaults:4 | Noticed Donald
 45676 | Vaults:4 | Killed Donald
 46244 | Vaults:4 | Gained mutation: You are robust. (+10% HP) [demonic
                  | ancestry]
 46244 | Vaults:4 | Reached XP level 21. HP: 131/170 MP: 32/39
 46756 | Vaults:4 | Reached ****** piety under Sif Muna
 46964 | Vaults:4 | Found Zohucomi's Book Emporium.
 47006 | Vaults:4 | Found Efimaupn's Book Emporium.
 47190 | Vaults:4 | Noticed Saint Roka
 47193 | Vaults:4 | Received a gift from Sif Muna
 47227 | Vaults:4 | Killed Saint Roka
 47303 | Vaults:4 | Got Wiub's Papyrus of Damaging Orientation {god gift}
 47747 | D:4      | Bought an amulet of regeneration for 420 gold pieces
 50358 | Snake:4  | Got a serpentine rune of Zot
 50872 | Elf:1    | Entered Level 1 of the Elven Halls
 51578 | Elf:1    | Received a gift from Sif Muna
 51594 | Elf:1    | Got the Handbook of Confrontation
 51651 | Elf:1    | Paralysed by an air elemental for 1 turns
 52224 | Elf:2    | Found a runed translucent gate.
 52224 | Elf:2    | Found a runed translucent gate.
 52234 | Elf:2    | Found a runed translucent gate.
 52745 | Elf:3    | Entered Level 3 of the Elven Halls
 53248 | Elf:3    | Gained mutation: When hurt, damage is shared between your
                  | health and your magic reserves. [demonic ancestry]
 53248 | Elf:3    | Reached XP level 22. HP: 181/181 MP: 30/40
 53317 | Elf:3    | Received a gift from Sif Muna
 53318 | Elf:3    | Got Asmodeus's Collected Works on Attacks and the Escort
                  | {god gift}
 53833 | Elf:3    | Reached skill level 10 in Maces & Flails
 54059 | Elf:3    | Identified the amulet "Asautuj" {Faith rElec rF- Will++
                  | Int+4}
 54092 | Elf:3    | Identified the +9 demon whip "Sithreuli" {protect, Contam
                  | rPois rC+++ Stlth-}
 54283 | Elf:3    | Identified the +2 scale mail "Holeif" {rC++ Will+++ Int-5}
 54471 | Elf:3    | Identified the ring "Asyz" {Ice Dex+3}
 55025 | Elf:3    | Identified the +4 giant spiked club of Abomination {vorpal,
                  | rCorr}
 55467 | Crypt:1  | Entered Level 1 of the Crypt
 55526 | Crypt:1  | Reached skill level 1 in Earth Magic
 55698 | Crypt:1  | Received a gift from Sif Muna
 55702 | Crypt:1  | Reached skill level 15 in Shields
 55708 | Crypt:1  | Reached skill level 2 in Earth Magic
 55791 | Crypt:1  | Found a magical portal.
 55861 | WizLab   | Entered Yara's Duelist Academy
 55905 | WizLab   | Reached skill level 3 in Earth Magic
 56242 | WizLab   | Noticed Wimm
 56253 | WizLab   | Killed Wimm the Head Instructor
 56254 | WizLab   | Reached skill level 4 in Earth Magic
 56716 | WizLab   | Identified the +1 demon whip of Midsummer {antimagic,
                  | Dex+5}
 56774 | Crypt:1  | Got Sif Muna's Handbook of Entrancing Summoning {god gift}
 57277 | Crypt:1  | Reached skill level 5 in Earth Magic
 57805 | Crypt:2  | Received a gift from Sif Muna
 57806 | Crypt:2  | Got Sif Muna's Incunabulum of Shifting Stones {god gift}
 57830 | Crypt:1  | Learned a level 5 spell: Borgnjor's Vile Clutch
 58043 | Crypt:1  | Reached skill level 6 in Earth Magic
 58712 | Crypt:2  | Found a basalt altar of Yredelemnul.
 58807 | Crypt:2  | Found a basalt altar of Yredelemnul.
 59272 | Crypt:2  | Reached skill level 7 in Earth Magic
 59318 | Crypt:2  | Noticed a royal mummy
 59353 | Crypt:2  | Killed a royal mummy
 59354 | Crypt:2  | Reached XP level 23. HP: 80/188 MP: 6/41
 59626 | Crypt:2  | Noticed a royal mummy
 59634 | Crypt:2  | Noticed Khufu
 59641 | Crypt:2  | Killed a royal mummy
 59642 | Crypt:2  | Killed Khufu
 60013 | Crypt:3  | Entered Level 3 of the Crypt
 60428 | Crypt:3  | Reached skill level 8 in Earth Magic
 60681 | Crypt:3  | Reached skill level 10 in Transmutations
 61147 | Crypt:3  | Got the Collected Works on Dark Arts
 61148 | Crypt:3  | Identified the ring "Did Kuci" {rF+ rN+ Str+7 Int+4 Dex-3}
 61148 | Crypt:3  | Identified the ring of the Endless Expanse {Contam *Slow
                  | rC+++ rN+ Int+3}
 61323 | Crypt:3  | Reached skill level 9 in Earth Magic
 61514 | Crypt:3  | Found a staircase to the Tomb.
 61569 | Crypt:3  | Noticed an ancient lich
 61581 | Crypt:3  | Killed an ancient lich
 61582 | Crypt:3  | Reached skill level 15 in Dodging
 62489 | Depths:1 | Entered Level 1 of the Depths
 62630 | Depths:1 | Found a gateway to Hell.
 62635 | Depths:1 | Reached skill level 1 in Necromancy
 62820 | Depths:1 | Paralysed by a floating eye for 3 turns
 62825 | Depths:1 | Received a gift from Sif Muna
 63006 | Depths:1 | You fall into a shaft and drop 1 floor!
 63123 | Depths:2 | Found a one-way gateway to a ziggurat.
 63166 | Depths:2 | Noticed Sojobo
 63208 | Depths:2 | Reached skill level 10 in Earth Magic
 63545 | Depths:2 | Found Kaiplile's Weapon Boutique.
 63553 | Depths:2 | Found Uczuistrehe's Distillery.
 63564 | Depths:2 | Bought a potion of curing for 36 gold pieces
 63564 | Depths:2 | Bought a potion of curing for 36 gold pieces
 63564 | Depths:2 | Bought 3 potions of heal wounds for 180 gold pieces
 63564 | Depths:2 | Bought a potion of haste for 120 gold pieces
 63564 | Depths:2 | Bought a potion of haste for 120 gold pieces
 63671 | Depths:2 | Found a one-way gate leading to the halls of Pandemonium.
 63700 | Depths:2 | Found a one-way gate to the infinite horrors of the Abyss.
 64463 | Depths:3 | Found Gozag's Antique Armour Shoppe.
 64468 | Depths:3 | Found an opulent altar of Gozag.
 64468 | Depths:3 | Found Gozag's Assorted Antiques.
 64470 | Depths:3 | Found Gozag's Antique Weapon Emporium.
 64627 | Depths:3 | Reached skill level 5 in Necromancy
 64658 | Depths:3 | Received a gift from Sif Muna
 64797 | Depths:3 | Bought a potion of haste for 1000 gold pieces
 65412 | Depths:4 | Entered Level 4 of the Depths
 65468 | Depths:4 | Noticed a caustic shrike
 65468 | Depths:4 | Noticed a caustic shrike
 65468 | Depths:4 | Noticed a caustic shrike
 65468 | Depths:4 | Noticed a caustic shrike
 65932 | Depths:2 | Gained mutation: You regenerate a lot of health from kills.
                  | [demonic ancestry]
 65932 | Depths:2 | Reached XP level 24. HP: 198/198 MP: 29/41
 66309 | Depths:4 | Found a gate to the Realm of Zot.
 66552 | Depths:4 | Received a gift from Sif Muna
 66563 | Depths:4 | Got Sif Muna's Reference Book on Flames {god gift}
 67027 | Depths:4 | Identified the +3 tower shield of the Orange Skies {Regen+}
 67027 | Depths:4 | Noticed Louise
 67067 | Depths:4 | Killed Louise
 67153 | Depths:4 | Found a runed translucent gate.
 67153 | Depths:4 | Found a runed translucent gate.
 67153 | Depths:4 | Found a runed translucent gate.
 67157 | Depths:4 | Noticed a juggernaut
 67158 | Depths:4 | Noticed Viocziel's ghost (adept TrMo)
 67410 | Depths:4 | Found Puescheh's General Store.
 67507 | Depths:4 | Bought a scroll of acquirement for 780 gold pieces
 67507 | Depths:4 | Bought a scroll of magic mapping for 52 gold pieces
 67838 | Depths:4 | Reached skill level 11 in Earth Magic
 68695 | Depths:4 | Paralysed by a Zot trap for 4 turns
 68852 | Depths:4 | Killed Viocziel's ghost
 69032 | Depths:4 | Killed a juggernaut
 69150 | Depths:4 | Identified the +0 pair of gloves of Masochism {Will+}
 69151 | Depths:4 | Identified the +3 hat of Sulyrpha {+Blink Dex+4}
 69152 | Depths:4 | Identified the +4 mace "Impys" {vorpal, rC+ MP+9 Int+4}
 70050 | Vaults:5 | Noticed a dread lich
 70074 | Vaults:4 | Killed a dread lich
 70075 | Vaults:4 | Reached skill level 10 in Necromancy
 70295 | Vaults:4 | Received a gift from Sif Muna
 70312 | Vaults:4 | Got Sif Muna's Catalogue of the Known World {god gift}
 70618 | Vaults:5 | Identified the +2 great sword of the Sun {freeze, Contam
                  | Dex+2 Stlth+}
 70652 | Vaults:5 | Noticed an ancient lich
 70693 | Vaults:5 | Killed an ancient lich
 71004 | Vaults:5 | Identified the ring "Haffah" {rPois rN+}
 71012 | Vaults:5 | Identified the ring of Reoclu {rC+ Will+}
 71047 | Vaults:5 | Identified the +0 cloak of Skepticism {Int+4}
 71060 | Vaults:5 | Gained mutation: You are very robust. (+20% HP) [demonic
                  | ancestry]
 71060 | Vaults:5 | Reached XP level 25. HP: 217/228 MP: 33/41
 71076 | Vaults:5 | Identified the +0 robe of Objectivity {rPois Will+}
 71176 | Vaults:5 | Identified the ring "Pamil" {rPois rF+ Int+6}
 72094 | Vaults:5 | Got a silver rune of Zot
 72643 | Vaults:5 | Identified the +4 chain mail of Veto {Contam Regen+ SInv}
 72655 | Vaults:5 | Identified the +3 spear of Ruination {vorpal, rF+ Str+3}
 72932 | Zot:1    | Entered Level 1 of the Realm of Zot
 73019 | Zot:1    | Reached skill level 12 in Earth Magic
 74058 | Zot:1    | Received a gift from Sif Muna
 77210 | Zot:3    | Learned a level 8 spell: Necromutation
 77734 | Zot:4    | Gained mutation: You are extremely robust. (+30% HP)
                  | [demonic ancestry]
 77734 | Zot:4    | Reached XP level 26. HP: 244/257 MP: 3/41
 77918 | Zot:4    | Received a gift from Sif Muna
 77946 | Zot:4    | Got Sif Muna's Catalogue of the Big Bang {god gift}
 78152 | Zot:4    | Reached skill level 15 in Spellcasting
 78625 | Zot:4    | Reached skill level 15 in Transmutations
 78741 | Zot:4    | Reached skill level 15 in Necromancy
 79799 | Zot:5    | Entered Level 5 of the Realm of Zot
 80993 | Slime:1  | Entered Level 1 of the Pits of Slime
 82049 | Slime:2  | Gained mutation: Your spells are a little easier to cast,
                  | but a little less powerful. [a shining eye]
 82052 | Slime:2  | Gained mutation: You are strong-willed. (Will+) [a shining
                  | eye]
 82055 | Slime:2  | Gained mutation: Your magical capacity is low. (-10% MP) [a
                  | shining eye]
 82056 | Slime:2  | Gained mutation: Your body sometimes deteriorates upon
                  | taking damage. [a shining eye]
 82140 | Slime:3  | Lost mutation: Your magical capacity is low. (-10% MP)
                  | [potion of mutation]
 82140 | Slime:3  | Lost mutation: You are strong-willed. (Will+) [potion of
                  | mutation]
 82140 | Slime:3  | Gained mutation: You passively map a small area around you.
                  | [potion of mutation]
 82140 | Slime:3  | Gained mutation: Your muscles are strong. (Str +2) [potion
                  | of mutation]
 82140 | Slime:3  | Gained mutation: You are agile. (Dex +2) [potion of
                  | mutation]
 82141 | Slime:3  | Lost mutation: Your muscles are strong. (Str +2) [potion of
                  | mutation]
 82141 | Slime:3  | Lost mutation: Your body sometimes deteriorates upon taking
                  | damage. [potion of mutation]
 82141 | Slime:3  | Lost mutation: You passively map a small area around you.
                  | [potion of mutation]
 82141 | Slime:3  | Gained mutation: Your flesh is heat resistant. (rF+)
                  | [potion of mutation]
 82141 | Slime:3  | Gained mutation: You are resistant to electric shocks.
                  | (rElec) [potion of mutation]
 82142 | Slime:3  | Lost mutation: You are resistant to electric shocks.
                  | (rElec) [potion of mutation]
 82142 | Slime:3  | Lost mutation: You are agile. (Dex +2) [potion of mutation]
 82142 | Slime:3  | Gained mutation: Your magical capacity is low. (-10% MP)
                  | [potion of mutation]
 82143 | Slime:3  | Lost mutation: Your flesh is heat resistant. (rF+) [potion
                  | of mutation]
 82143 | Slime:3  | Lost mutation: Your magical capacity is low. (-10% MP)
                  | [potion of mutation]
 82143 | Slime:3  | Lost mutation: Your spells are a little easier to cast, but
                  | a little less powerful. [potion of mutation]
 82143 | Slime:3  | Gained mutation: You are covered in fur. (AC +1) [potion of
                  | mutation]
 82143 | Slime:3  | Gained mutation: Potions are less effective at restoring
                  | your health. [potion of mutation]
 82143 | Slime:3  | Gained mutation: Your flesh is heat resistant. (rF+)
                  | [potion of mutation]
 82143 | Slime:3  | Gained mutation: You expend magic power (3 MP) to
                  | strengthen your wands. [potion of mutation]
 82466 | Slime:2  | Received a gift from Sif Muna
 83175 | Slime:5  | Entered Level 5 of the Pits of Slime
 83210 | Slime:5  | Noticed the Royal Jelly
 83292 | Slime:5  | Gained mutation: Your magical capacity is low. (-10% MP) [a
                  | shining eye]
 83705 | Slime:5  | Found a viscous altar of Jiyva.
 83708 | Slime:5  | Found the +7 sceptre of Torment {pain, torment}
 83778 | Slime:5  | Killed the Royal Jelly
 84061 | Slime:5  | Identified the ring of Bikhirox {rF+ AC+4}
 84066 | Slime:5  | Got a slimy rune of Zot
 84778 | Depths:2 | Killed Sojobo
 84944 | Zig:1    | Entered Level 1 of a ziggurat
 84967 | Zig:2    | Entered Level 2 of a ziggurat
 84998 | Zig:2    | Gained mutation: When low on magic, you restore magic in
                  | place of health. [demonic ancestry]
 84998 | Zig:2    | Reached XP level 27. HP: 265/265 MP: 37/38
 85005 | Zig:3    | Entered Level 3 of a ziggurat
 85009 | Zig:3    | Received a gift from Sif Muna
 85029 | Zig:3    | Got Sif Muna's Volume of Glacial Confrontation {god gift}
 85030 | Zig:3    | Identified the +1 hunting sling of Yfisiel {venom, Fragile
                  | rPois Will- Int+9}
 85060 | Zig:4    | Entered Level 4 of a ziggurat
 85118 | Zig:5    | Entered Level 5 of a ziggurat
 85241 | Zig:5    | Noticed an ancient lich
 85265 | Zig:5    | Identified the +10 morningstar "Rodeit" {vamp, Will+ Dex+5
                  | SInv}
 85278 | Zig:6    | Entered Level 6 of a ziggurat
 85346 | Zig:7    | Entered Level 7 of a ziggurat
 85521 | Zig:8    | Entered Level 8 of a ziggurat
 85712 | Zig:9    | Entered Level 9 of a ziggurat
 85717 | Zig:9    | Noticed Omeheh the pandemonium lord
 85724 | Zig:9    | Killed Omeheh the pandemonium lord
 85753 | Zig:9    | Identified the +2 leather armour of Refuge {Will+ rCorr
                  | Slay-4}
 85754 | Zig:9    | Identified the +2 hand axe "Jellyslayer" {venom, rF+ rCorr
                  | Dex+3}
 85757 | Zig:9    | Identified the amulet of Kuntac {RegenMP rN++}
 85877 | Zig:10   | Entered Level 10 of a ziggurat
 85882 | Zig:10   | Found the +7 Spriggan's Knife {stab, EV+4 Stlth+}
 85933 | Zig:10   | Identified the ring of Yqopner {AC+4 Str+5}
 86059 | Zig:11   | Entered Level 11 of a ziggurat
 86192 | Zig:11   | Learned a level 8 spell: Borgnjor's Revivification
 86212 | Pan      | Entered Pandemonium
 86344 | Pan      | Found a runed translucent door.
 86349 | Pan      | Found a runed translucent door.
 86372 | Pan      | Found a runed translucent door.
 86392 | Pan      | Found a runed translucent door.
 86459 | Pan      | Noticed Qasunn the pandemonium lord
 86465 | Pan      | Reached skill level 1 in Evocations
 86489 | Pan      | Killed Qasunn the pandemonium lord
 87553 | Pan      | Noticed Keugh the pandemonium lord
 87571 | Pan      | Killed Keugh the pandemonium lord
 87572 | Pan      | Reached skill level 5 in Evocations
 87579 | Pan      | Gained mutation: You sometimes lose the ability to read
                  | scrolls when taking damage. [mutagenic glow]
 87600 | Pan      | Lost mutation: You expend magic power (3 MP) to strengthen
                  | your wands. [potion of mutation]
 87600 | Pan      | Lost mutation: Your magical capacity is low. (-10% MP)
                  | [potion of mutation]
 87600 | Pan      | Lost mutation: You sometimes lose the ability to read
                  | scrolls when taking damage. [potion of mutation]
 87600 | Pan      | Lost mutation: Potions are less effective at restoring your
                  | health. [potion of mutation]
 87600 | Pan      | Gained mutation: Your spells are a little easier to cast,
                  | but a little less powerful. [potion of mutation]
 87600 | Pan      | Gained mutation: You have a somewhat thin skeletal
                  | structure. (Dex +2, Stealth+) [potion of mutation]
 87601 | Pan      | Lost mutation: Your spells are a little easier to cast, but
                  | a little less powerful. [potion of mutation]
 87601 | Pan      | Lost mutation: You have a somewhat thin skeletal structure.
                  | (Dex +2, Stealth+) [potion of mutation]
 87601 | Pan      | Gained mutation: Your spells are a little harder to cast,
                  | but a little more powerful. [potion of mutation]
 87601 | Pan      | Gained mutation: You are weak. (Str -2) [potion of
                  | mutation]
 87601 | Pan      | Gained mutation: You are somewhat resistant to further
                  | mutation. [potion of mutation]
 88267 | Pan      | Noticed Mennas
 88278 | Pan      | Killed Mennas
 88517 | Pan      | Learned a level 5 spell: Lee's Rapid Deconstruction
 88864 | Pan      | Noticed Qaler the pandemonium lord
 89049 | Pan      | Found a runed translucent door.
 89075 | Pan      | Got a demonic rune of Zot
 89409 | Pan      | Noticed Owask the pandemonium lord
 89709 | Pan      | Reached skill level 10 in Evocations
 89760 | Pan      | Found an exit through the horrors of the Abyss.
 89927 | Pan      | Killed Owask the pandemonium lord
 91939 | Pan      | Noticed Wan Neaf the pandemonium lord
 91949 | Pan      | Killed Wan Neaf the pandemonium lord
 92751 | Pan      | Entered the realm of Gloorx Vloq.
 93882 | Pan      | Noticed Gloorx Vloq
 93892 | Pan      | Got a dark rune of Zot
 94131 | Pan      | Killed Gloorx Vloq
 94741 | Pan      | Noticed Nostrawn the pandemonium lord
 95245 | Pan      | Reached skill level 15 in Invocations
 96220 | Pan      | Noticed Konorph the pandemonium lord
 96226 | Pan      | Killed Konorph the pandemonium lord
 96301 | Pan      | Identified the ring "Novioro" {Wiz rN++ Int+3}
 96739 | Pan      | Noticed Ujaepama the pandemonium lord
 97820 | Pan      | Killed Ujaepama the pandemonium lord
 97971 | Pan      | Entered the realm of Cerebov.
 98055 | Pan      | Reached skill level 15 in Armour
 98424 | Pan      | Identified the +1 gold dragon scales of Wicked Contentment
                  | {Drain rPois rF+ rC+ Str+5 SInv}
 98424 | Pan      | Identified the ring of Parph {Ice Drain Int+6}
 98492 | Pan      | Found the +6 sword of Cerebov {flame}
 98492 | Pan      | Noticed Cerebov
 99260 | Pan      | Identified the +8 long sword "Killer Bee's Bane" {freeze,
                  | Fragile rC+ rN+ SInv}
 99534 | Pan      | Reached skill level 15 in Fighting
 99718 | Pan      | Killed Cerebov
 99769 | Pan      | Got a fiery rune of Zot
 99974 | Pan      | Identified the +2 morningstar of Duty {vorpal, rElec}
100052 | Pan      | Entered the realm of Mnoleg.
100111 | Pan      | Found an exit through the horrors of the Abyss.
100849 | Pan      | Noticed Mnoleg
100856 | Pan      | Killed Mnoleg
101044 | Pan      | Got a glowing rune of Zot
101315 | Pan      | Took an exit into the Abyss.
101315 | Abyss:1  | Escaped into the Abyss
102082 | Depths:2 | Escaped the Abyss
103036 | Pan      | Entered Pandemonium
103194 | Pan      | Identified the +3 whip "Diowael" {holy, Int+4}
103221 | Pan      | Noticed Ticriu the pandemonium lord
103225 | Pan      | Killed Ticriu the pandemonium lord
103292 | Pan      | Found an exit through the horrors of the Abyss.
103500 | Pan      | Noticed Loni the pandemonium lord
103506 | Pan      | Killed Loni the pandemonium lord
103759 | Pan      | Noticed Jiracagh the pandemonium lord
103774 | Pan      | Identified the +4 scale mail "Vuodiur" {rN+ Dex+4 Slay-3}
103970 | Pan      | Killed Jiracagh the pandemonium lord
104506 | Pan      | Entered the realm of Lom Lobon.
105041 | Pan      | Noticed Lom Lobon
105289 | Pan      | Killed Lom Lobon
105317 | Pan      | Got a magical rune of Zot
105416 | Pan      | Cast into level 5 of the Abyss (unwielding a weapon of
                  | distortion)
105416 | Abyss:5  | Entered Level 5 of the Abyss
105829 | Abyss:5  | Noticed a dread lich
105834 | Abyss:5  | Killed a dread lich
105865 | Abyss:5  | Paralysed by accursed screaming for 1 turns
106143 | Abyss:5  | Found a corrupted altar of Lugonu.
106255 | Abyss:5  | Paralysed by accursed screaming for 1 turns
106474 | Abyss:5  | Found a snail-covered altar of Cheibriados.
106475 | Abyss:5  | Paralysed by accursed screaming for 1 turns
106505 | Abyss:5  | Paralysed by accursed screaming for 1 turns
106595 | Abyss:5  | Noticed a juggernaut
106604 | Abyss:5  | Killed a juggernaut
106616 | Abyss:5  | Got an abyssal rune of Zot
106696 | Pan      | Escaped the Abyss
106946 | Pan      | Found an exit through the horrors of the Abyss.
106951 | Pan      | Took an exit into the Abyss.
106951 | Abyss:1  | Escaped into the Abyss
106951 | Abyss:1  | Found a corrupted altar of Lugonu.
107005 | Depths:2 | Escaped the Abyss
107085 | Hell     | Entered the Vestibule of Hell
107085 | Hell     | Noticed Geryon
107245 | Hell     | Killed Geryon
107423 | Hell     | Found a gateway to the Iron City of Dis.
107428 | Hell     | Reached skill level 13 in Earth Magic
107566 | Hell     | Found a gateway to the decaying netherworld of Tartarus.
107738 | Hell     | Found a gateway to the freezing wastes of Cocytus.
107876 | Hell     | Found a gateway to the ashen valley of Gehenna.
108656 | Hell     | Learned a level 9 spell: Shatter
108729 | Geh:1    | Entered Level 1 of Gehenna
108757 | Geh:2    | Reached skill level 14 in Earth Magic
109094 | Geh:5    | Reached skill level 15 in Earth Magic
109098 | Geh:5    | Noticed an ancient lich
109106 | Geh:5    | Killed an ancient lich
109278 | Geh:6    | Reached skill level 16 in Earth Magic
109339 | Geh:7    | Entered Level 7 of Gehenna
109656 | Geh:7    | Reached skill level 17 in Earth Magic
109712 | Geh:7    | Identified the ring "Zaocle" {rF- Will+ Str+6 Int+2 Slay+4}
109795 | Geh:7    | Identified the +0 robe of the Candlemaker {Harm}
110053 | Geh:7    | Found the +7 sceptre of Asmodeus
110053 | Geh:7    | Noticed Asmodeus
110055 | Geh:7    | Upgraded the game from 0.28.0-45-g0d030f2227 to
                  | 0.28.0-53-g5a82cb258f
110070 | Geh:7    | Killed Asmodeus
110071 | Geh:7    | Reached skill level 18 in Earth Magic
110106 | Geh:7    | Got an obsidian rune of Zot
110268 | Tar:1    | Entered Level 1 of Tartarus
110712 | Tar:3    | Reached skill level 19 in Earth Magic
110827 | Tar:4    | You fall into a shaft and drop 2 floors!
110844 | Tar:7    | Entered Level 7 of Tartarus
110879 | Tar:7    | Noticed an ancient lich
110890 | Tar:7    | Killed an ancient lich
110931 | Tar:7    | Noticed an ancient lich
110934 | Tar:7    | Reached skill level 20 in Earth Magic
110940 | Tar:7    | Killed an ancient lich
110965 | Tar:7    | Noticed a dread lich
110974 | Tar:7    | Killed a dread lich
111012 | Tar:7    | Noticed Ereshkigal
111061 | Tar:7    | Killed Ereshkigal
111148 | Tar:7    | Got a bone rune of Zot
111269 | Coc:1    | Entered Level 1 of Cocytus
111820 | Coc:3    | Paralysed by a wendigo for 1 turns
112606 | Coc:6    | Learned a level 8 spell: Lehudib's Crystal Spear
112664 | Coc:7    | Entered Level 7 of Cocytus
112952 | Coc:7    | Noticed the Serpent of Hell
112960 | Coc:7    | Killed the Serpent of Hell
113186 | Coc:7    | Reached skill level 21 in Earth Magic
113225 | Coc:7    | Noticed Antaeus
113240 | Coc:7    | Killed Antaeus
113263 | Coc:7    | Got an icy rune of Zot
113357 | Coc:7    | Reached skill level 1 in Summonings
113362 | Coc:7    | Paralysed by a wendigo for 1 turns
113442 | Coc:7    | Reached skill level 5 in Summonings
113488 | Coc:7    | Paralysed by a wendigo for 1 turns
113530 | Coc:7    | Paralysed by a wendigo for 1 turns
113550 | Coc:7    | Learned a level 7 spell: Spellforged Servitor
113670 | Dis:1    | Entered Level 1 of the Iron City of Dis
113843 | Dis:2    | You fall into a shaft and drop 1 floor!
114202 | Dis:3    | Reached skill level 22 in Earth Magic
115006 | Dis:5    | Reached skill level 23 in Earth Magic
115202 | Dis:7    | Entered Level 7 of the Iron City of Dis
115305 | Dis:7    | Reached skill level 24 in Earth Magic
115392 | Dis:7    | Noticed a juggernaut
115407 | Dis:7    | Killed a juggernaut
115678 | Dis:7    | Reached skill level 10 in Summonings
115678 | Dis:7    | Noticed a juggernaut
115690 | Dis:7    | Killed a juggernaut
115813 | Dis:7    | Reached skill level 25 in Earth Magic
116153 | Dis:7    | Found the +4 staff of Dispater
116153 | Dis:7    | Noticed Dispater
116154 | Dis:7    | Noticed a juggernaut
116161 | Dis:7    | Killed a juggernaut
116167 | Dis:7    | Killed Dispater
116201 | Dis:7    | Got an iron rune of Zot
116216 | Dis:7    | Learned a level 9 spell: Shatter
116753 | Tomb:1   | Entered Level 1 of the Tomb of the Ancients
117286 | Tomb:1   | Noticed a royal mummy
117294 | Tomb:1   | Killed a royal mummy
117295 | Tomb:1   | Reached skill level 26 in Earth Magic
117298 | Tomb:1   | Noticed a royal mummy
117305 | Tomb:1   | Killed a royal mummy
117765 | Tomb:1   | Noticed a royal mummy
117774 | Tomb:1   | Killed a royal mummy
117777 | Tomb:1   | Noticed a royal mummy
117778 | Tomb:1   | Noticed a royal mummy
117779 | Tomb:1   | Noticed a royal mummy
117782 | Tomb:1   | Killed a royal mummy
117783 | Tomb:1   | Killed a royal mummy
117783 | Tomb:1   | Noticed a royal mummy
117785 | Tomb:1   | Noticed a royal mummy
117789 | Tomb:1   | Killed a royal mummy
117790 | Tomb:1   | Killed a royal mummy
117790 | Tomb:1   | Killed a royal mummy
117853 | Tomb:1   | Noticed a royal mummy
117857 | Tomb:1   | Killed a royal mummy
117901 | Tomb:1   | Noticed a royal mummy
117907 | Tomb:1   | Noticed a royal mummy
117909 | Tomb:1   | Killed a royal mummy
117912 | Tomb:1   | Killed a royal mummy
117950 | Tomb:1   | Noticed a royal mummy
117954 | Tomb:1   | Killed a royal mummy
117978 | Tomb:1   | Noticed a royal mummy
117983 | Tomb:1   | Killed a royal mummy
118145 | Tomb:1   | Noticed a royal mummy
118150 | Tomb:1   | Noticed a royal mummy
118151 | Tomb:1   | Killed a royal mummy
118157 | Tomb:1   | Killed a royal mummy
118200 | Tomb:1   | Noticed a royal mummy
118208 | Tomb:1   | Killed a royal mummy
118212 | Tomb:1   | Noticed a royal mummy
118229 | Tomb:1   | Killed a royal mummy
118285 | Tomb:1   | Noticed a royal mummy
118292 | Tomb:1   | Noticed a royal mummy
118294 | Tomb:1   | Killed a royal mummy
118295 | Tomb:1   | Killed a royal mummy
118400 | Tomb:2   | Noticed a royal mummy
118400 | Tomb:2   | Noticed a royal mummy
118400 | Tomb:2   | Noticed a royal mummy
118400 | Tomb:2   | Noticed a royal mummy
118403 | Tomb:2   | Killed a royal mummy
118404 | Tomb:2   | Killed a royal mummy
118404 | Tomb:2   | Killed a royal mummy
118404 | Tomb:2   | Killed a royal mummy
118956 | Tomb:3   | Entered Level 3 of the Tomb of the Ancients
118962 | Tomb:3   | Noticed a royal mummy
118964 | Tomb:3   | Noticed a royal mummy
118968 | Tomb:3   | Reached skill level 27 in Earth Magic
118968 | Tomb:3   | Killed a royal mummy
118970 | Tomb:3   | Killed a royal mummy
118972 | Tomb:3   | Noticed a royal mummy
118977 | Tomb:3   | Noticed a royal mummy
118979 | Tomb:3   | Killed a royal mummy
118980 | Tomb:3   | Killed a royal mummy
118984 | Tomb:3   | Noticed a royal mummy
118984 | Tomb:3   | Noticed a royal mummy
118987 | Tomb:3   | Killed a royal mummy
118988 | Tomb:3   | Killed a royal mummy
118995 | Tomb:3   | Noticed a royal mummy
118997 | Tomb:3   | Noticed a royal mummy
118998 | Tomb:3   | Noticed a royal mummy
118999 | Tomb:3   | Killed a royal mummy
119001 | Tomb:3   | Killed a royal mummy
119002 | Tomb:3   | Killed a royal mummy
119152 | Tomb:3   | Found the +3 Mad Mage's Maulers {Infuse+∞ RegenMP Int-3}
119160 | Tomb:3   | Identified the +0 robe "Gen Hoosm" {+Inv Will+ Int-5 Dex+2}
119235 | Tomb:3   | Got a golden rune of Zot
119257 | Tomb:3   | Identified the ring of the Distant Future {rPois rF+ Str+6
                  | Int-4 Dex+4}
119259 | Tomb:3   | Identified the ring "Voanoty" {Ice Will+ Dex+4}
119261 | Tomb:3   | Identified the ring "Befux" {rElec rPois Int+6 Dex+3}
119864 | D:4      | Bought a potion of magic for 96 gold pieces
119864 | D:4      | Bought a potion of curing for 36 gold pieces
119916 | D:4      | Bought a potion of mutation for 112 gold pieces
119916 | D:4      | Bought 2 potions of mutation for 224 gold pieces
119916 | D:4      | Bought a potion of mutation for 112 gold pieces
119968 | D:4      | Bought a scroll of teleportation for 81 gold pieces
119968 | D:4      | Bought a scroll of fear for 94 gold pieces
119968 | D:4      | Bought a potion of invisibility for 216 gold pieces
119968 | D:4      | Bought a scroll of teleportation for 81 gold pieces
120212 | Swamp:2  | Killed zielscheibe's ghost
121945 | Crypt:1  | Found a runed door.
121970 | Crypt:1  | Noticed a dread lich
121970 | Crypt:1  | Noticed an ancient lich
121973 | Crypt:1  | Killed an ancient lich
121976 | Crypt:1  | Killed a dread lich
122014 | Crypt:1  | Identified the +0 whip of Nibazxuz {venom, rN++ Stlth+}
122082 | Crypt:1  | Identified the +1 cloak "Jivotsaxzo" {rCorr Int+4 Slay+4}
122631 | Zot:5    | Noticed an ancient lich
122633 | Zot:5    | Killed an ancient lich
122641 | Zot:5    | Noticed a dread lich
122647 | Zot:5    | Killed a dread lich
122700 | Zot:5    | Noticed an orb of fire
122702 | Zot:5    | Noticed an orb of fire
122703 | Zot:5    | Noticed an orb of fire
122704 | Zot:5    | Killed an orb of fire
122707 | Zot:5    | Killed an orb of fire
122707 | Zot:5    | Killed an orb of fire
122734 | Zot:5    | Noticed an ancient lich
122736 | Zot:5    | Killed an ancient lich
122739 | Zot:5    | Noticed an orb of fire
122743 | Zot:5    | Noticed an orb of fire
122746 | Zot:5    | Noticed an orb of fire
122749 | Zot:5    | Killed an orb of fire
122749 | Zot:5    | Noticed an orb of fire
122751 | Zot:5    | Killed an orb of fire
122754 | Zot:5    | Killed an orb of fire
122755 | Zot:5    | Killed an orb of fire
122847 | Zot:5    | Noticed an orb of fire
122854 | Zot:5    | Killed an orb of fire
122954 | Zot:5    | Noticed an orb of fire
122960 | Zot:5    | Killed an orb of fire
123156 | Zot:5    | Noticed a dread lich
123159 | Zot:5    | Killed a dread lich
123784 | D:2      | Bought a ring of fire for 325 gold pieces
123853 | D:4      | Bought a ring of protection from cold for 350 gold pieces
124423 | Zig:1    | Entered Level 1 of a ziggurat
124440 | Zig:2    | Entered Level 2 of a ziggurat
124464 | Zig:3    | Entered Level 3 of a ziggurat
124492 | Zig:4    | Entered Level 4 of a ziggurat
124495 | Zig:4    | Noticed Efaluorgh the pandemonium lord
124504 | Zig:4    | Killed Efaluorgh the pandemonium lord
124521 | Zig:5    | Entered Level 5 of a ziggurat
124547 | Zig:6    | Entered Level 6 of a ziggurat
124567 | Zig:6    | Identified the +6 hand axe of Extremism {vorpal, *Slow rC++
                  | Int+3 Stlth+}
124575 | Zig:6    | Identified the +1 leather armour "Igaabym" {Harm}
124578 | Zig:7    | Entered Level 7 of a ziggurat
124594 | Zig:7    | Identified the ring "Wosi" {Drain rElec rF+ rC+ rN+}
124597 | Zig:7    | Identified the +5 scale mail of the Ant {Rampage rElec
                  | rPois}
124606 | Zig:8    | Entered Level 8 of a ziggurat
124643 | Zig:8    | Identified the amulet "Famotzeh" {Faith *Corrode Will++
                  | Slay+3}
124645 | Zig:8    | Identified the +0 pair of boots "Neumepuec" {Contam rF+
                  | Int+4 Dex+3}
124696 | Zig:9    | Entered Level 9 of a ziggurat
124716 | Zig:9    | Identified the +4 shortbow of Nuw Onoge {freeze, rElec
                  | Dex+2 Stlth-}
124722 | Zig:10   | Entered Level 10 of a ziggurat
124756 | Zig:11   | Entered Level 11 of a ziggurat
124771 | Zig:11   | Identified the ring "Viug" {rCorr EV+4 Str+2}
124784 | Zig:11   | Identified the ring of Luamaomef {Drain rCorr Str+7 Int+6
                  | Stlth+}
124806 | Zig:12   | Entered Level 12 of a ziggurat
124811 | Zig:12   | Noticed Kellelunn the pandemonium lord
124813 | Zig:12   | Noticed Lioluv the pandemonium lord
124813 | Zig:12   | Noticed Ruiffezy the pandemonium lord
124813 | Zig:12   | Noticed Xaamux the pandemonium lord
124815 | Zig:12   | Killed Xaamux the pandemonium lord
124815 | Zig:12   | Killed Ruiffezy the pandemonium lord
124817 | Zig:12   | Killed Kellelunn the pandemonium lord
124819 | Zig:12   | Killed Lioluv the pandemonium lord
124839 | Zig:12   | Identified the +5 halberd "Teeboush" {flame, Will+}
124863 | Zig:13   | Entered Level 13 of a ziggurat
124883 | Zig:13   | Identified the +0 plate armour "Xyin" {Will++ Stlth+}
124891 | Zig:13   | Identified the ring of Typlulen {Fire Drain rElec rCorr
                  | MP+9}
124895 | Zig:13   | Identified the +2 cloak "Uhytinn" {rPois}
124903 | Zig:14   | Entered Level 14 of a ziggurat
124909 | Zig:14   | Noticed a dread lich
124911 | Zig:14   | Noticed an ancient lich
124911 | Zig:14   | Paralysed by a floating eye for 2 turns
124913 | Zig:14   | Noticed a dread lich
124914 | Zig:14   | Killed a dread lich
124915 | Zig:14   | Noticed an ancient lich
124915 | Zig:14   | Killed an ancient lich
124915 | Zig:14   | Killed a dread lich
124934 | Zig:14   | Identified the +4 morningstar "Yremm" {flame, rCorr Int+2}
124938 | Zig:15   | Entered Level 15 of a ziggurat
124964 | Zig:15   | Identified the amulet of Oluc Tum {RegenMP MP+9}
124979 | Zig:16   | Entered Level 16 of a ziggurat
124985 | Zig:16   | Noticed Zeeged the pandemonium lord
124992 | Zig:16   | Reached skill level 15 in Evocations
125004 | Zig:16   | Killed Zeeged the pandemonium lord
125014 | Zig:16   | Found the amulet of the Four Winds {rN+ Will+++ Clar}
125035 | Zig:16   | Identified the +6 spear of Blood {flame, +Blink rElec
                  | Dex+4}
125038 | Zig:16   | Identified the ring "Bixaschae" {*Slow rElec rPois rF+}
125057 | Zig:17   | Entered Level 17 of a ziggurat
125064 | Zig:17   | Noticed a dread lich
125069 | Zig:17   | Killed a dread lich
125070 | Zig:17   | Noticed an ancient lich
125071 | Zig:17   | Killed an ancient lich
125081 | Zig:17   | Found the +7 lajatang of Order {silver, rMut}
125110 | Zig:18   | Entered Level 18 of a ziggurat
125162 | Zig:18   | Identified the +9 lajatang "Kefawoga" {drain, MP+9 SInv
                  | Stlth+}
125168 | Zig:18   | Identified the +4 cloak "Ramuskou" {+Inv rElec rF- Stlth+}
125175 | Zig:19   | Entered Level 19 of a ziggurat
125199 | Zig:19   | Found the +0 staff of Battle
125213 | Zig:19   | Identified the +0 helmet of Qieg {Harm rF+ Dex+3}
125219 | Zig:19   | Identified the ring "Gopev" {MP+9 Str+2}
125239 | Zig:20   | Entered Level 20 of a ziggurat
125285 | Zig:20   | Identified the ring of Nuasedaran {+Blink rPois rN+ Slay+2}
125296 | Zig:20   | Identified the amulet "Qourutz" {Faith Int+4}
125309 | Zig:21   | Entered Level 21 of a ziggurat
125320 | Zig:21   | Noticed Discosetron's ghost (legendary DjEE)
125320 | Zig:21   | Noticed TinSoldier's ghost (legendary DsIE)
125320 | Zig:21   | Noticed NiggerDarts's ghost (legendary HuFi)
125320 | Zig:21   | Noticed mandor's ghost (legendary DjCj)
125320 | Zig:21   | Noticed Mefist's ghost (legendary DEIE)
125320 | Zig:21   | Noticed EricTams's ghost (veteran MiBe)
125320 | Zig:21   | Noticed meatyocre's ghost (veteran TrFi)
125320 | Zig:21   | Noticed Xaowkis's ghost (legendary GnWr)
125320 | Zig:21   | Noticed Zeph's ghost (adept NaFi)
125320 | Zig:21   | Noticed astronautguy's ghost (master DEFE)
125320 | Zig:21   | Noticed Dameikh's ghost (veteran FoFi)
125320 | Zig:21   | Noticed Xutext's ghost (adept DsAK)
125320 | Zig:21   | Noticed Gucom's ghost (veteran GnFi)
125320 | Zig:21   | Noticed Anafel's ghost (legendary GrFi)
125323 | Zig:21   | Killed astronautguy's ghost
125324 | Zig:21   | Killed Gucom's ghost
125324 | Zig:21   | Killed NiggerDarts's ghost
125324 | Zig:21   | Killed Xutext's ghost
125324 | Zig:21   | Killed Mefist's ghost
125325 | Zig:21   | Killed EricTams's ghost
125325 | Zig:21   | Killed mandor's ghost
125326 | Zig:21   | Killed Dameikh's ghost
125328 | Zig:21   | Killed meatyocre's ghost
125328 | Zig:21   | Killed TinSoldier's ghost
125328 | Zig:21   | Killed Zeph's ghost
125329 | Zig:21   | Killed Xaowkis's ghost
125332 | Zig:21   | Killed Anafel's ghost
125332 | Zig:21   | Killed Discosetron's ghost
125335 | Zig:21   | Identified the +3 trident "Killer Bee's Regret" {freeze,
                  | Will+ Int+4}
125359 | Zig:21   | Identified the +4 mace "Gulaoshy" {speed, Will+}
125366 | Zig:22   | Entered Level 22 of a ziggurat
125375 | Zig:22   | Noticed Omuguntu the pandemonium lord
125381 | Zig:22   | Killed Omuguntu the pandemonium lord
125405 | Zig:22   | Noticed Lupteang the pandemonium lord
125405 | Zig:22   | Noticed Lizelo the pandemonium lord
125407 | Zig:22   | Noticed Rexustro the pandemonium lord
125407 | Zig:22   | Noticed Pyweixuf the pandemonium lord
125408 | Zig:22   | Noticed Zyfac the pandemonium lord
125411 | Zig:22   | Noticed Doimux the pandemonium lord
125411 | Zig:22   | Killed Lizelo the pandemonium lord
125413 | Zig:22   | Killed Rexustro the pandemonium lord
125415 | Zig:22   | Killed Pyweixuf the pandemonium lord
125415 | Zig:22   | Killed Lupteang the pandemonium lord
125417 | Zig:22   | Killed Zyfac the pandemonium lord
125417 | Zig:22   | Killed Doimux the pandemonium lord
125418 | Zig:22   | Noticed Kiodde the pandemonium lord
125419 | Zig:22   | Noticed Tyozxi the pandemonium lord
125425 | Zig:22   | Killed Tyozxi the pandemonium lord
125426 | Zig:22   | Killed Kiodde the pandemonium lord
125445 | Zig:22   | Identified the +6 battleaxe of Mehecvax {spect, rPois rF+++
                  | Str-5 Int-5}
125456 | Zig:22   | Identified the +0 helmet "Zitoif" {*Slow rElec rF+++ Dex-3}
125460 | Zig:22   | Acquired 1041 gold pieces
125461 | Zig:22   | Acquired a manual of Translocations
125462 | Zig:22   | Acquired 942 gold pieces
125463 | Zig:22   | Acquired the +10 tower shield of Ignorance {rN+ Int-4}
125463 | Zig:22   | Found the +10 tower shield of Ignorance {rN+ Int-4}
125464 | Zig:22   | Acquired 837 gold pieces
125465 | Zig:22   | Acquired 1191 gold pieces
125466 | Zig:22   | Acquired a manual of Shields
125467 | Zig:22   | Acquired 1246 gold pieces
125468 | Zig:22   | Acquired 513 gold pieces
125469 | Zig:22   | Acquired 1039 gold pieces
125470 | Zig:22   | Acquired 651 gold pieces
125471 | Zig:22   | Acquired 599 gold pieces
125472 | Zig:22   | Acquired 596 gold pieces
125473 | Zig:22   | Acquired 539 gold pieces
125478 | Zig:23   | Entered Level 23 of a ziggurat
125491 | Zig:23   | Found the +6 arbalest "Damnation" {damnation}
125497 | Zig:23   | Found the +3 giant club "Skullcrusher" {speed, Str+7}
125520 | Zig:23   | Identified the ring "Ihoreun" {rElec Str+5 Int+6 Dex-3}
125526 | Zig:23   | Identified the +7 giant spiked club "Jympefav" {flame, Fly
                  | MP+9 Str+3 Int-3}
125572 | Zig:23   | Learned a level 9 spell: Death's Door
125636 | Zig:24   | Entered Level 24 of a ziggurat
125688 | Zig:24   | Identified the ring "Pastrisu" {rN+ rCorr Int+5 Dex+4}
125694 | Zig:24   | Identified the +3 spear "Myakk" {vorpal, Int+4 Dex+3}
125713 | Zig:25   | Entered Level 25 of a ziggurat
125762 | Zig:25   | Identified the +1 robe "Ysohin" {rF+ rCorr Str+3}
125804 | Zig:26   | Entered Level 26 of a ziggurat
125820 | Zig:26   | Reached skill level 10 in Translocations
125830 | Zig:26   | Found the +8 Wrath of Trog {antimagic, *Rage Rampage}
125837 | Zig:26   | Identified the +1 pair of gloves of Eternal Night {rN++
                  | Str+3}
125838 | Zig:26   | Identified the +9 trident of Uvel Dau {pain, rC++ Int-3
                  | SInv}
125847 | Zig:26   | Identified the +7 quarterstaff of Ogudduph {antimagic,
                  | Str+7}
125858 | Zig:26   | Identified the +10 great sword of Sunlight {venom, Fly rC+}
125860 | Zig:26   | Identified the +5 short sword "Guogiz" {vorpal, rF+ rN+
                  | Str-4}
125870 | Zig:26   | Identified the +2 halberd of Dividends {elec, *Slow rN+
                  | Stlth+}
125881 | Zig:26   | Identified the +5 war axe "Grim Tooth" {distort, rElec
                  | Dex+4}
125889 | Zig:27   | Entered Level 27 of a ziggurat
125917 | Zig:27   | Found the +5 sword of Power {vorpal}
125918 | Zig:27   | Found the +11 plutonium sword {Contam Stlth-}
125935 | Zig:27   | Identified the -7 cloak of Tender Moments {Dex+4}
125941 | Zig:27   | Identified the ring "Soixza Qowu" {rC- rCorr Int+7}
125944 | Zig:27   | Identified the +10 mace "Qimip" {freeze, *Noise Drain rPois
                  | Int+8}
125952 | Zig:27   | Identified the +3 leather armour of the Assorted Visions
                  | {Str+2 Stlth+}
126195 | Zot:5    | Got the Orb of Zot
126746 | D:$      | Escaped with the Orb!

Illustrated notes

Levels and vault maps discovered:
D:1:      amcnicky_arrival_choice, layout_rooms
D:2:      layout_basic, ebering_ecumenical_altar_hall, serial_shops,
          shop_statue, minmay_goblin_outpost
D:3:      layout_rooms
D:4:      layout_basic, serial_shops, nicolae_lakefront_shop,
          nicolae_lakefront_shop, nicolae_shop_hallway_stairs, shop,
          shop_fountains
D:5:      layout_rooms, serial_park_tiny_1, uniq_ijyb
D:6:      cheibrodos_fzero, layout_loops_ring, minmay_temple_entry_mini_moons,
          minivault_25, uniq_eustachio
D:7:      layout_basic
D:8:      layout_basic, uniq_maggie
D:9:      layout_rooms, zin_statuary, minmay_lair_entry_grove, minivault_5,
          minivault_21, dreamdust_deal_with_the_devil, minmay_evil_grid,
          uniq_harold, uniq_erolcha
D:10:     layout_loops_ring, serial_shops, shop, enter_bailey_4
D:11:     layout_layer_cave, uniq_erica, uniq_urug
D:12:     layout_long_grid
D:13:     layout_loops_ring
D:14:     layout_loops_ring, hangedman_vaults_entry_quadrant_bands,
          minivault_25, uniq_rupert
D:15:     gammafunk_depths_entry_grave, layout_rooms,
          amcnicky_mini_rare_corridor_liquid
Temple:   nicolae_temple_the_god_donut
Lair:1:   layout_regular_city, grunt_megastairs_3
Lair:2:   layout_cellular_growth, palyth_hydra_swamp_entry,
          nicolae_quartered_pool_super, uniq_fannar
Lair:3:   layout_gridlike, minmay_snake_entry_six_corridors, lemuel_fruit_fields
Lair:4:   layout_regular_city, gauntlet_entry_generic, grunt_megastairs_1
Lair:5:   layout_regular_city, minmay_slime_entry_pillars, grunt_megastairs_4
Lair:6:   minmay_lair_end_frog_pond, layout_regular_city
Swamp:1:  layout_basic_swamp, nicolae_swamp_some_circles
Swamp:2:  layout_basic_swamp, gammafunk_ghost_mausoleum, serial_swamp_ruin,
          evilmike_swamp_ruin_house_3, evilmike_swamp_ruin_house_4,
          evilmike_swamp_ruin_house_2, infiniplex_staircase_pool
Swamp:3:  layout_basic_swamp, evilmike_swamp_ruin_wall
Swamp:4:  swamp_old_school, layout_basic_swamp, infiniplex_staircase_pool_2
Snake:1:  layout_onion, nicolae_snake_round_shape_thing
Snake:2:  layout_onion_interference, basic_altar, nicolae_snake_double_loop
Snake:3:  nicolae_snake_hallway, layout_onion_interference, serial_bayou_pond_e,
          nicolae_shop_self_help, minmay_shop_star
Snake:4:  minmay_snake_end_coiled, layout_chambers, st_stairs_6,
          nicolae_snake_gridmaze_waves
Slime:1:  layout_caves
Slime:2:  layout_caves
Slime:3:  layout_caves
Slime:4:  cheibrodos_slime_lost_civilization_3, layout_caves
Slime:5
Orc:1:    hellmonk_paralyzer, layout_caves, serial_shops, nicolae_shop_crystal,
          nicolae_shop_stone, shop, shop_statue, basic_altar,
          nicolae_volcano_entry_two_sided, bh_open_orc_temple
Orc:2:    st_orc_mages, layout_diamond_mine, serial_shops, shop
Elf:1:    nicolae_elf_arrival_fired_up, layout_rooms, minmay_elf_annihilation,
          grunt_megastairs_5
Elf:2:    elven_hall_of_blades_hangedman_original
          [nicolae_blade_entry_pointy_end], layout_onion_city, serial_glass,
          glass_columns_a, glass_columns_a, einodemon_armed_red_devil_minivault
Elf:3:    minmay_elf_hall_dome, layout_loops_cross, david_greed
Vaults:1: ontoclasm_vaults_spin, nicolae_vaults_circle_grid_b, v_rooms_4,
          ontoclasm_vaults_shuriken, nicolae_vaults_yaktaur_gun_rack,
          grunt_vaults_focal, hangedman_vaults_maws, vaults_room_fours,
          layout_vaults_omnigrid, uniq_asterion, uniq_aizul
Vaults:2: nicolae_vaults_network_s, nicolae_vaults_ninety_degrees, v_misc_28,
          vaults_mumra_minichess, vaults_standard_mumra_enter_the_diamond,
          special_room_vaults [special_room_orc],
          hangedman_vaults_stretched_pinwheel, v_misc_10,
          ontoclasm_vaults_decontamination, layout_vaults_ring
Vaults:3: minmay_crypt_entry_necro_gods, v_misc_31, v_misc_28,
          hangedman_vaults_stitches, ontoclasm_vaults_gateway, v_misc_9,
          nicolae_vaults_little_squares_1, vaults_room_pool,
          nicolae_vaults_halls_meeting, hangedman_vaults_trim, v_pattern_2,
          layout_vaults_omnibox, serial_shops, shop
Vaults:4: v_misc_13, v_alt_pattern_2, ontoclasm_vaults_pinch,
          nicolae_vaults_minivaults, v_rooms_3, v_rooms_4,
          ontoclasm_vaults_claustrophobia, hangedman_vaults_corner_blocks,
          vaults_mumra_hexcomb, nicolae_vaults_border_crossing, v_pattern_4,
          hangedman_vaults_corner_blocks, grunt_vaults_hallway_short,
          nicolae_vaults_little_squares_1, v_misc_8, layout_vaults_maze_snakey,
          serial_shops, shop_fountains, shop, shop_fountains, shop,
          nicolae_shop_hallway_stairs, uniq_saint_roka, uniq_donald
Vaults:5: uniq_margery
Crypt:1:  evilmike_wizard_prison, layout_regular_city,
          infiniplex_enter_wizlab_spiral, grunt_ministairs_6,
          grunt_crypt_arrival_guarded_gate
Crypt:2:  ragdoll_tomb_raider, layout_misc_corridors, st_stairs_6,
          hangedman_feature_mirror
Crypt:3:  quadcrypt_mu
Tomb:1
Tomb:2
Tomb:3:   uniq_khufu
Depths:1: layout_gridlike, hell_entry, hangedman_abyss_or_decor_stabs,
          kennysheep_potato
Depths:2: hangedman_arrow_trap, layout_basic, enter_ziggurat_d, hell_entry,
          abyss_entry, pan_entry, hex_intersection, minmay_shoptagon,
          uniq_sojobo
Depths:3: kennysheep_gozag_temple, layout_cave_pools, pf_hell_entry_tar_spiral,
          abyss_entry, roderic_serpentine_path, minmay_staircase_windowed_small
Depths:4: grunt_zot_entry_pinwheel, layout_gridlike, serial_aquarium,
          aquarium_bridge_square [aquarium_subvault_bridge,
          aquarium_subvault_bridge, aquarium_subvault_wall,
          aquarium_subvault_balcony], aquarium_bridge_straight
          [aquarium_subvault_bridge, aquarium_subvault_wall,
          aquarium_subvault_bridge, aquarium_subvault_wall], aquarium_window_1,
          aquarium_window_2, aquarium_window_1, aquarium_view_2f,
          aquarium_view_2g, hell_entry, nicolae_abyss_entry_one_way_or_another,
          gammafunk_ghost_tricky_traps, serial_shops, nicolae_shop_statue_plus,
          serial_bayou_shore_b
Hell
Dis:1:    nicolae_dis_hell_towers
Dis:2:    layout_subdivisions
Dis:3:    layout_jigsaw, nicolae_dis_having_a_grate_time
Dis:4:    layout_subdivisions, nicolae_dis_emergency_hatch
Dis:5:    layout_regular_city, glass_columns_a
Dis:6:    layout_overlapping_boxes
Dis:7:    dis_hangedman
Geh:1:    layout_gehenna_pools_triple
Geh:2:    layout_gehenna_lava_caves, nicolae_hells_seeping_fissure
Geh:3:    layout_gehenna_lava_caves
Geh:4:    layout_gehenna_pools_box, nicolae_geh_lava_shack
Geh:5:    layout_gehenna_pools_triple
Geh:6:    layout_gehenna_pools_triple
Geh:7:    evilmike_geh
Coc:1:    layout_ice_bergs, nicolae_coc_statues_of_limitations
Coc:2:    layout_cocytus_water_paths
Coc:3:    layout_ice_bergs
Coc:4:    layout_ice_bergs
Coc:5:    layout_cocytus_water_paths
Coc:6:    layout_cocytus_water_paths
Coc:7:    coc_mu
Tar:1:    layout_honeycomb, nicolae_tar_cuneiform_bird,
          nicolae_tar_cuneiform_heaven
Tar:2:    layout_grid_maze
Tar:3:    layout_grid_maze
Tar:4:    nicolae_hells_titanomachy
Tar:6:    layout_honeycomb, nicolae_tar_cuneiform_oil,
          nicolae_tar_cuneiform_three
Tar:7:    tar_old
Zot:1:    layout_gridville, grunt_megastairs_2
Zot:2:    layout_gridlike
Zot:3:    layout_cathedral_of_symmetry, lemuel_golem_globe, lemuel_elevator
Zot:4:    lemuel_acid_trip, layout_onion_interference, hangedman_zot_gyre,
          st_small_dragon_hoard_3
Zot:5:    layout_misc_corridors, st_stairs_4

Skill      XL: |  1  2  3  4  5  6  7  8  9 10 11 12 13 14 15 16 17 18 19 20 21 22 23 24 25 26 27 |
---------------+----------------------------------------------------------------------------------+-----
Spellcasting   | 3 4 5 6 8 9 11 12 13 14 15 22 | 22.0
Conjurations   | 5 6 8 11 12 13 14 16 18 21 | 21.0
Dodging        | 2 3 5 7 8 9 10 12 13 15 16 22 | 22.0
Fighting       | 3 4 5 6 8 9 10 12 13 14 22 | 22.0
Maces & Flails | 3 4 5 6 8 9 10 | 10.0
Hexes          | 4 6 |  6.0
Invocations    | 6 10 12 14 26 | 26.0
Stealth        | 4 |  4.0
Shields        | 1 5 7 9 10 12 14 15 25 | 25.0
Translocations | 4 6 8 10 | 10.0
Armour         | 3 6 10 12 13 14 22 | 22.9
Air Magic      | 2 4 6 |  6.0
Transmutations | 6 8 9 10 11 14 16 18 | 18.0
Earth Magic    | 7 10 11 12 27 | 27.0
Necromancy     | 6 11 14 19 26 | 26.0
Evocations     | 16 | 16.0
Summonings     | 10 | 10.0

Action                   |  1- 3 |  4- 6 |  7- 9 | 10-12 | 13-15 | 16-18 | 19-21 | 22-24 | 25-27 || total
-------------------------+-------+-------+-------+-------+-------+-------+-------+-------+-------++-------
Melee: Club              |     3 |       |       |       |       |       |       |       |       ||     3
       Dagger            |    13 |       |       |       |       |       |       |       |       ||    13
       Spear             |     7 |       |       |       |       |       |       |       |       ||     7
       Trident           |       |     3 |       |       |       |       |       |       |       ||     3
       Eveningstar       |       |       |    23 |   170 |    49 |       |       |       |       ||   242
       Headbutt          |       |       |     5 |    32 |   151 |   208 |   155 |   319 |   939 ||  1809
       Punch             |       |       |       |     3 |       |       |       |       |       ||     3
       Mace              |       |       |       |       |   540 |   811 |   516 |   896 |   236 ||  2999
       Staff             |       |       |       |       |       |       |       |    31 |   468 ||   499
       Morningstar       |       |       |       |       |       |       |       |       |  1843 ||  1843
Throw: Dart              |     5 |     8 |    13 |    11 |    12 |     7 |     1 |       |     2 ||    59
       Throwing net      |       |       |       |     1 |       |       |       |       |     1 ||     2
 Cast: Magic Dart        |    84 |    76 |    91 |    88 |    67 |   165 |       |       |       ||   571
       Searing Ray       |     3 |    18 |    45 |    90 |   124 |    85 |     8 |    17 |     4 ||   394
       Fulminant Prism   |       |       |       |    83 |   232 |   221 |    71 |    54 |    32 ||   693
       Iskenderun's Myst |       |       |       |     5 |     1 |     6 |       |    13 |       ||    25
       Blink             |       |       |       |       |       |     1 |       |     3 |    10 ||    14
       Iskenderun's Batt |       |       |       |       |       |    38 |       |       |       ||    38
       Irradiate         |       |       |       |       |       |    38 |   122 |   268 |   928 ||  1356
       Orb of Destructio |       |       |       |       |       |     3 |    98 |   196 |   567 ||   864
       Chain Lightning   |       |       |       |       |       |     2 |       |     2 |    16 ||    20
       Yara's Violent Un |       |       |       |       |       |       |     1 |    24 |    24 ||    49
       Iron Shot         |       |       |       |       |       |       |       |    17 |   558 ||   575
       Shatter           |       |       |       |       |       |       |       |     2 |   227 ||   229
       Swiftness         |       |       |       |       |       |       |       |     1 |     2 ||     3
       Borgnjor's Vile C |       |       |       |       |       |       |       |     2 |   142 ||   144
       Lehudib's Crystal |       |       |       |       |       |       |       |       |   351 ||   351
       Necromutation     |       |       |       |       |       |       |       |       |   319 ||   319
       Passage of Golubr |       |       |       |       |       |       |       |       |    33 ||    33
       Lee's Rapid Decon |       |       |       |       |       |       |       |       |    25 ||    25
       Spellforged Servi |       |       |       |       |       |       |       |       |    23 ||    23
       Fire Storm        |       |       |       |       |       |       |       |       |     8 ||     8
       Polar Vortex      |       |       |       |       |       |       |       |       |     6 ||     6
       Maxwell's Capacit |       |       |       |       |       |       |       |       |     5 ||     5
       Borgnjor's Revivi |       |       |       |       |       |       |       |       |     1 ||     1
       Ignition          |       |       |       |       |       |       |       |       |     1 ||     1
Invok: Channel Magic     |       |       |       |     1 |       |       |       |     3 |    18 ||    22
       Divine Exegesis   |       |       |       |       |       |     2 |       |     4 |    40 ||    46
 Abil: End Transformatio |       |       |       |       |       |       |       |       |    16 ||    16
Evoke: Wand              |       |       |     4 |     8 |     7 |    10 |     9 |     2 |    40 ||    80
       Lightning rod     |       |       |       |       |       |       |       |     8 |    50 ||    58
       Box of beasts     |       |       |       |       |       |       |       |     2 |     9 ||    11
       Tin of tremorston |       |       |       |       |       |       |       |       |    31 ||    31
       Condenser vane    |       |       |       |       |       |       |       |       |    10 ||    10
       Phantom mirror    |       |       |       |       |       |       |       |       |     9 ||     9
       Horn of Geryon    |       |       |       |       |       |       |       |       |     5 ||     5
       Phial of floods   |       |       |       |       |       |       |       |       |     2 ||     2
       Figurine of a zig |       |       |       |       |       |       |       |       |     1 ||     1
  Use: Scroll            |       |       |    11 |    18 |    11 |     5 |     1 |    11 |    56 ||   113
       Potion            |       |       |     1 |     4 |     4 |     4 |     4 |     4 |    32 ||    53
 Stab: Paralysed         |       |       |     5 |     7 |       |       |       |       |    10 ||    22
       Sleeping          |       |       |       |       |     1 |     3 |     6 |     1 |       ||    11
       Distracted        |       |       |       |       |     2 |     1 |     2 |     1 |     4 ||    10
       Confused          |       |       |       |       |       |       |       |       |     1 ||     1
Armor: Robe              |     5 |     2 |    19 |    58 |       |       |       |       |       ||    84
       Ring mail         |       |       |       |    52 |   391 |   646 |   272 |    33 |       ||  1394
       Scale mail        |       |       |       |       |       |       |       |   427 |  2547 ||  2974
Dodge: Dodged            |    17 |    18 |   132 |   342 |   494 |   556 |   424 |   652 |  2785 ||  5420
       Repelled          |       |       |       |       |     1 |       |       |       |       ||     1
Block: Kite shield       |       |       |       |    91 |   796 |  1210 |   712 |  1328 |  5397 ||  9534
       Reflection        |       |       |       |       |    26 |   112 |    95 |    61 |   154 ||   448
       Tower shield      |       |       |       |       |       |       |       |       |    13 ||    13
